 Dungeon Crawl Stone Soup version 0.27-a0-488-g88baaf19db (webtiles) character file.

Game seed: 16930726719356002672

18498624 DavidChitty2 the Conqueror (level 27, 273/273 HPs)
             Began as a Minotaur Fighter on Mar 1, 2021.
             Was a High Priest of the Shining One.
             Escaped with the Orb
             ... and 15 runes!
             The game lasted 03:11:40 (83598 turns).

DavidChitty2 the Conqueror (Minotaur Fighter)      Turns: 83598, Time: 03:11:41

Health: 273/273    AC: 55    Str: 48    XL:     27
Magic:  30/37      EV: 28    Int: 13    God:    the Shining One [*****.]
Gold:   12255      SH: 19    Dex: 18    Spells: 36/57 levels left

rFire    + + +     SeeInvis .   b - +8 broad axe of the Fifty Hosts {flame, rElec rF++ Str+4 Int+4}
rCold    + + +     Faith    .   G - +2 shield of Resistance {rF++ rC++ Will++}
rNeg     + + .     Spirit   .   t - +12 gold dragon scales
rPois    +         Reflect  .   R - +2 hat of Oduitez {rC+ Str-2 Slay+3}
rElec    +         Harm     .   F - +2 cloak
rCorr    +         Rampage  +   n - +0 pair of gloves "Ediokeco" {Regen+ rCorr Str+6 Int-2}
Will     ++++.                  U - +2 pair of boots {rampage}
Stlth    ..........             L - amulet "Vyejit" {RegenMP +Inv rElec Str+3}
HPRegen  1.55/turn              Z - ring of Ugru {rC+ rCorr Int+6 Stlth+}
MPRegen  0.50/turn              P - ring "Ytik" {*Corrode AC+4 Str+9 Dex+2 Slay+2}

@: glowing, studying 4 skills
A: hooves 1, horns 2, blink, deterioration 1, fire resistance 1, low mp 1,
mutation resistance 1, subdued magic 1, retaliatory headbutt
0: Orb of Zot
}: 15/15 runes: barnacled, slimy, silver, golden, iron, obsidian, icy, bone,
abyssal, demonic, glowing, magical, fiery, dark, gossamer
a: Blink, Renounce Religion, Evoke Invisibility, Divine Shield, Cleansing Flame,
Summon Divine Warrior


You escaped.
You worshipped the Shining One.
The Shining One was extremely pleased with you.
You visited 17 branches of the dungeon, and saw 87 of its levels.
You visited Pandemonium 2 times, and saw 25 of its levels.
You visited the Abyss 4 times.
You visited 1 ziggurat, and saw 13 of its levels.
You also visited: Sewer, Bailey and Gauntlet.

You collected 18463 gold pieces.
You spent 6208 gold pieces at shops.

Inventory:

Hand Weapons
 a - a +9 broad axe of holy wrath
   (You took it off an orc knight on level 4 of the Vaults)
 b - the +8 broad axe of the Fifty Hosts (weapon) {flame, rElec rF++ Str+4 Int+4}
   (You took it off an orc knight on level 2 of the Orcish Mines)

   It has been specially enchanted to burn those struck by it, causing extra
   injury to most foes and up to half again as much damage against particularly
   susceptible opponents.
   Big, fiery blades are also staple armaments of hydra-hunters.
   It affects your strength (+4).
   It affects your intelligence (+4).
   It greatly protects you from fire.
   It insulates you from electricity.
 e - the +7 sceptre of Asmodeus
   (You took it off Asmodeus on level 7 of Gehenna)

   The Shining One disapproves of the use of such an item.
 Q - the +6 sword of Cerebov {flame}
   (You took it off Cerebov in Pandemonium)

   It has been specially enchanted to burn those struck by it, causing extra
   injury to most foes and up to half again as much damage against particularly
   susceptible opponents.
   Big, fiery blades are also staple armaments of hydra-hunters.
   The Shining One disapproves of the use of such an item.
Missiles
 T - 17 throwing nets (quivered) {!f}
Armour
 n - the +0 pair of gloves "Ediokeco" (worn) {Regen+ rCorr Str+6 Int-2}
   (You found it in a Gauntlet)

   It affects your strength (+6).
   It affects your intelligence (-2).
   It increases your rate of regeneration.
   It provides partial protection from all sources of acid and corrosion.
 t - +12 gold dragon scales (worn)
   (You found it on level 5 of the Vaults)
 F - a +2 cloak (worn)
   (You found it on level 1 of the Dungeon)
 G - the +2 shield of Resistance (worn) {rF++ rC++ Will++}
   (You bought it in a shop on level 14 of the Dungeon)

   It greatly protects you from fire.
   It greatly protects you from cold.
   It affects your willpower, your defense against some magical effects.
 R - the +2 hat of Oduitez (worn) {rC+ Str-2 Slay+3}
   (Okawaru gifted it to you on level 2 of the Depths)

   It affects your strength (-2).
   It affects your accuracy and damage with ranged weapons and melee attacks
   (+3).
   It protects you from cold.
 U - a +2 pair of boots of rampaging (worn)
   (You acquired it on level 5 of the Vaults)
Jewellery
 L - the amulet "Vyejit" (around neck) {RegenMP +Inv rElec Str+3}
   (You found it in Pandemonium)

   [amulet of magic regeneration]

   It increases your magic regeneration.
   It affects your strength (+3).
   It insulates you from electricity.
   It lets you turn invisible.
 P - the ring "Ytik" (right hand) {*Corrode AC+4 Str+9 Dex+2 Slay+2}
   (You found it on level 4 of the Vaults)

   [ring of protection]

   It affects your AC (+4).
   It affects your strength (+9).
   It affects your dexterity (+2).
   It affects your accuracy and damage with ranged weapons and melee attacks
   (+2).
   It may corrode you when you take damage.
 Z - the ring of Ugru (left hand) {rC+ rCorr Int+6 Stlth+}
   (You found it on level 2 of the Realm of Zot)

   [ring of resist corrosion]

   It affects your intelligence (+6).
   It protects you from cold.
   It provides partial protection from all sources of acid and corrosion.
   It makes you more stealthy.
Wands
 d - a wand of iceblast (102)
   (You took it off a kobold on level 5 of the Dungeon)
 u - a wand of paralysis (56)
   (You took it off Erolcha on level 11 of the Dungeon)
 v - a wand of digging (9)
   (You found it on level 9 of the Dungeon)
 x - a wand of acid (6)
   (You found it in a Gauntlet)
 E - a wand of charming (38)
   (You found it on level 1 of the Abyss)
 M - a wand of polymorph (57)
   (You found it in a Gauntlet)
 W - a wand of flame (52)
   (You took it off a kobold on level 5 of the Dungeon)
Scrolls
 c - a scroll of enchant armour
 f - 32 scrolls of teleportation {@r4}
 l - 10 scrolls of immolation {!r}
 m - 2 scrolls of silence
 o - 9 scrolls of holy word
 r - 2 scrolls of magic mapping
 s - a scroll of brand weapon
 A - 56 scrolls of identify {@r1}
 D - 9 scrolls of fear
 I - 10 scrolls of fog
 J - 3 scrolls of enchant weapon
 N - 3 scrolls of summoning
 S - 10 scrolls of blinking
Potions
 g - 5 potions of cancellation
 j - 27 potions of curing {@q1}
 k - 6 potions of ambrosia
 p - 8 potions of haste {@q3}
 q - 7 potions of resistance
 w - 2 potions of might
 B - 4 potions of berserk rage
 K - 6 potions of lignification {!q}
 O - 6 potions of heal wounds {@q2}
 X - 7 potions of magic
 Y - 2 potions of invisibility
Miscellaneous
 y - a condenser vane
   (You found it in a Gauntlet)
 z - a figurine of a ziggurat {!*}
 C - a lightning rod (4/4) {!a}
   (You found it on level 9 of the Dungeon)
 H - a phantom mirror
   (You found it on level 2 of the Lair of Beasts)


   Skills:
 O Level 27 Fighting
 - Level 18.0 Axes
 O Level 27 Armour
 O Level 27 Dodging
 - Level 15.0 Shields
 + Level 15.6 Spellcasting
 - Level 11.0 Hexes
 - Level 10.0 Translocations
 - Level 5.0 Transmutations
 * Level 22.5 Fire Magic
 - Level 11.0 Air Magic
 - Level 5.0 Earth Magic
 O Level 27 Invocations
 - Level 14.0 Evocations


You had 36 spell levels left.
You knew the following spells:

 Your Spells              Type           Power        Failure   Level
a - Ignition              Fire           26%          10%         8
b - Blink                 Tloc           N/A          1%          2
g - Silence               Hex/Air        14%          4%          5
q - Passwall              Tmut/Erth      14%          2%          2
v - Passage of Golubria   Tloc           N/A          2%          4

Your spell library contained the following spells:

 Spells                   Type           Power        Failure   Level
 Apportation              Tloc           54%          1%          1
 Beastly Appendage        Tmut           34%          1%          1
 Corona                   Hex            32%          1%          1
 Foxfire                  Conj/Fire      100%         1%          1
 Sandblast                Erth           34%          1%          1
 Shock                    Conj/Air       72%          1%          1
 Slow                     Hex            29%          1%          2
 Swiftness                Air            29%          1%          2
 Confusing Touch          Hex            29%          1%          3
 Conjure Flame            Conj/Fire      30%          1%          3
 Gell's Gravitas          Tloc           13%          1%          3
 Ignite Poison            Fire/Tmut/Pois 26%          1%          3
 Inner Flame              Hex/Fire       41%          1%          3
 Lesser Beckoning         Tloc           13%          1%          3
 Portal Projectile        Hex/Tloc       56%          1%          3
 Teleport Other           Tloc           27%          1%          3
 Tukima's Dance           Hex            29%          1%          3
 Airstrike                Air            14%          1%          4
 Cause Fear               Hex            14%          1%          4
 Sticky Flame             Conj/Fire      30%          1%          4
 Corpse Rot               Necr/Air       N/A          2%          2
 Ensorcelled Hibernation  Hex/Ice        36%          2%          2
 Poisonous Vapours        Pois/Air       36%          2%          2
 Wereblood                Tmut           17%          2%          2
 Manifold Assault         Tloc           27%          2%          4
 Fireball                 Conj/Fire      15%          3%          5
 Dazzling Flash           Conj/Hex       36%          4%          3
 Static Discharge         Conj/Air       18%          4%          3
 Summon Guardian Golem    Hex/Summ       18%          4%          3
 Sting                    Tmut/Pois      48%          5%          1
 Leda's Liquefaction      Hex/Erth       11%          5%          4
 Mephitic Cloud           Conj/Pois/Air  15%          10%         3
 Bolt of Magma            Conj/Fire/Erth 13%          10%         5
 Animate Skeleton         Necr           14%          16%         1
 Freeze                   Ice            28%          16%         1
 Magic Dart               Conj           28%          16%         1
 Pain                     Necr           28%          16%         1
 Summon Small Mammal      Summ           28%          16%         1
 Fulminant Prism          Conj/Hex       9%           16%         4
 Summon Lightning Spire   Summ/Air       18%          16%         4
 Yara's Violent Unravell  Hex/Tmut       11%          16%         5
 Spider Form              Tmut/Pois      6%           17%         3
 Stone Arrow              Conj/Erth      24%          17%         3
 Iskenderun's Mystic Bla  Conj/Tloc      17%          21%         4
 Petrify                  Tmut/Erth      17%          21%         4
 Starburst                Conj/Fire      15%          22%         6
 Call Imp                 Summ           7%           24%         2
 Searing Ray              Conj           14%          24%         2
 Sublimation of Blood     Necr           3%           24%         2
 Invisibility             Hex            29%          26%         6
 Dispersal                Tloc           13%          38%         6
 Lightning Bolt           Conj/Air       9%           43%         5
 Metabolic Englaciation   Hex/Ice        9%           43%         5
 Summon Mana Viper        Hex/Summ       18%          43%         5
 Call Canine Familiar     Summ           7%           45%         3
 Vampiric Draining        Necr           3%           45%         3
 Animate Armour           Summ/Erth      24%          50%         4
 Ice Form                 Ice/Tmut       12%          50%         4
 Blade Hands              Tmut           8%           50%         5
 Lee's Rapid Deconstruct  Erth           8%           50%         5
 Summon Forest            Summ/Tloc      8%           50%         5
 Animate Dead             Necr           3%           86%         4
 Dispel Undead            Necr           7%           86%         4
 Hailstorm                Conj/Ice       7%           86%         4
 Olgreb's Toxic Radiance  Pois           7%           86%         4
 Summon Ice Beast         Ice/Summ       7%           86%         4
 Alistair's Intoxication  Tmut/Pois      8%           86%         5
 Borgnjor's Vile Clutch   Necr/Erth      6%           86%         5
 Irradiate                Conj/Tmut      6%           86%         5
 Conjure Ball Lightning   Conj/Air       9%           95%         6
 Hydra Form               Tmut           8%           98%         6
 Statue Form              Tmut/Erth      11%          98%         6
 Agony                    Necr           7%           99%         5
 Excruciating Wounds      Necr           3%           99%         5
 Iskenderun's Battlesphe  Conj           7%           99%         5
 Freezing Cloud           Conj/Ice/Air   7%           99%         6
 Death Channel            Necr           3%           100%        6
 Eringya's Noxious Bog    Tmut/Pois      6%           100%        6
 Iron Shot                Conj/Erth      6%           100%        6
 Shadow Creatures         Summ           N/A          100%        6
 Simulacrum               Ice/Necr       3%           100%        6
 Dragon Form              Tmut           8%           100%        7
 Orb of Destruction       Conj           3%           100%        7
 Ozocubu's Refrigeration  Ice            3%           100%        7
 Spellforged Servitor     Conj/Summ      3%           100%        7
 Summon Hydra             Summ           3%           100%        7
 Chain Lightning          Conj/Air       9%           100%        8
 Discord                  Hex            14%          100%        8
 Disjunction              Tloc           13%          100%        8
 Lehudib's Crystal Spear  Conj/Erth      6%           100%        8
 Absolute Zero            Ice            3%           100%        9
 Fire Storm               Conj/Fire      15%          100%        9
 Shatter                  Erth           8%           100%        9
 Tornado                  Air            14%          100%        9


Dungeon Overview and Level Annotations

Branches:
Dungeon (15/15)            Temple (1/1) D:6            Lair (6/6) D:8
 Shoals (4/4) Lair:4       Spider (4/4) Lair:4        Slime (5/5) Lair:5
    Orc (2/2) D:10            Elf (0/3) Orc:2        Vaults (5/5) D:13
  Crypt (3/3) Vaults:2       Tomb (3/3) Crypt:3      Depths (5/5) D:15
   Hell (visited)             Dis (7/7) Hell            Geh (7/7) Hell
    Coc (7/7) Hell            Tar (7/7) Hell            Zot (5/5) Depths:5
  Sewer (visited)          Bailey (visited)         Gauntlet (visited)

Altars:
Ashenzari
Cheibriados
Dithmenos
Elyvilon
Fedhas
Gozag
Hepliaklqana
Kikubaaqudgha
Makhleb
Nemelex Xobeh
Okawaru
Qazlal
Ru
Sif Muna
Trog
Uskayaw
Vehumet
Wu Jian
Xom
Yredelemnul
Zin
The Shining One
Beogh
Jiyva
Lugonu

Shops:
D:8 [   D:11 :   D:12 *[(:   D:14 *   D:15 [   Orc:2 !=(:?   Shoals:1 *
Vaults:3 *(   Vaults:5 [=?!?   Depths:1 (   Depths:4 *?(

Portals:
Hell: Lair:6 Depths:1 Depths:2 Depths:3 Depths:4 Depths:5
Abyss: Depths:4
Pandemonium: Depths:3 Depths:5

Annotations:
D:9 2 runed translucent doors


Innate Abilities, Weirdness & Mutations

You have a pair of horns on your head.
You reflexively headbutt those who attack you in melee.
You have large cloven feet.
You can translocate small distances at will.
Your body sometimes deteriorates upon taking damage.
Your flesh is heat resistant. (rF+)
Your magical capacity is low. (-10% MP)
You are somewhat resistant to further mutation.
Your spells are a little easier to cast, but a little less powerful.


Message History

You closely miss the cherub. The cherub hits you but does no damage.
You block the cherub's attack.
You slice the cherub!!
You kill the cherub!
No target in view!
(D) Dungeon (T) Temple (L) Lair (A) Shoals (N) Spider Nest (M) Slime Pits (O) Orcish Mines (E) Elven Halls (V) Vaults (C) Crypt (W) Tomb (U) Depths (H) Hell (I) Dis (G) Gehenna (X) Cocytus (Y) Tartarus (Z) Zot
Where to? (Enter - D:1 @ (x,y), ? - help)
Items here: ( )) [[.
There is an open door here.
There is an open door here.
There is a stone staircase leading up here.
You climb upwards.
There is a stone staircase leading down here.
There is a stone staircase leading up here.
You climb upwards.
There is a stone staircase leading down here.
An Orb Guardian comes into view.
You rampage towards the Orb Guardian!
The Orb Guardian completely misses you. You furiously retaliate!
You headbutt the Orb Guardian!! You slice the Orb Guardian!!
You headbutt the Orb Guardian. You block the Orb Guardian's attack.
You slash the Orb Guardian! The Orb Guardian completely misses you.
You barely miss the Orb Guardian. You headbutt the Orb Guardian.
The Orb Guardian closely misses you.
You chop the Orb Guardian into pieces!!!
You kill the Orb Guardian!
You feel your intelligence returning.
No target in view!
(D) Dungeon (T) Temple (L) Lair (A) Shoals (N) Spider Nest (M) Slime Pits (O) Orcish Mines (E) Elven Halls (V) Vaults (C) Crypt (W) Tomb (U) Depths (H) Hell (I) Dis (G) Gehenna (X) Cocytus (Y) Tartarus (Z) Zot
Where to? (Enter - D:1 @ (x,y), ? - help)
There is a stone staircase leading up here.
You climb upwards.
There is a stone staircase leading down here.
You open the door.
There is an open door here.
There is a staircase leading out of the dungeon here.
Your +9 broad axe of holy wrath stops glowing.
You feel stronger.
You feel clever.
The +8 broad axe of the Fifty Hosts {flame, rElec rF++ Str+4 Int+4} bursts into flame!
b - the +8 broad axe of the Fifty Hosts (weapon)
{flame, rElec rF++ Str+4 Int+4} Nothing appears to happen.
You have escaped!

##...##......# #.# #....
##..######.## #.########
#### #...### #..##
####......... ...#
##....###8'8###....########
...# #...##≈≈≈.≈≈≈##...#
...# #..##≈≈≈.P.≈≈≈##..#
...# #.##≈≈P..8..P≈≈##.#
...# #.#≈≈≈.......≈≈≈#.#
...# #.#≈P.8..@..8.P≈#.#
...# #.#≈≈≈.......≈≈≈#.#
...# #.##≈≈P..8..P≈≈##.#
...# #..##≈≈≈.P.≈≈≈##..#
...#####...##≈≈≈.≈≈≈##...#
............###8'8###....#
...#...#.................#
...#...###########..######
...#...########........#


There were no monsters in sight!

Vanquished Creatures
  Cerebov (Pan)
  Asmodeus (Geh:7)
  the Royal Jelly (Slime:5)
  Gloorx Vloq (Pan)
  Dissolution (Slime:3)
  Ereshkigal (Tar:7)
  Mnoleg (Pan)
  Lom Lobon (Pan)
  11 dread liches
  4 ancient liches
  6 orbs of fire
  Boris (Tomb:2)
  Sojobo (Crypt:3)
  7 pandemonium lords
  28 royal mummies
  4 Killer Klowns (Zot:5)
  Frederick (Depths:5)
  Bai Suzhen (Shoals:4)
  Saint Roka (Crypt:1)
  Geryon (Hell)
  13 shard shrikes
  A caustic shrike (Depths:4)
  2 curse toes
  The ghost of Darphi Gurche the Brawler, a veteran TrDe of Ru (Depths:2)
  8 golden dragons
  Jory (Tomb:3)
  15 Tzitzimimeh
  Arachne (Spider:2)
  13 bone dragons
  4 doom hounds
  19 Brimstone Fiends
  Rupert (Lair:3)
  2 electric golems
  11 iron giants
  Jorgrun (Spider:2)
  14 Ice Fiends
  22 liches
  27 tentacled monstrosities
  The ghost of Haeres the Devastator, an adept DsCj of Gozag (Shoals:2)
  9 Hell Sentinels
  27 Orb Guardians
  The ghost of Wakhat the Tortoise, an adept MiFi of the Shining One (Vaults:4)
  19 titans
  10 quicksilver dragons
  9 tentacled starspawn
  18 acid blobs
  An eldritch tentacle (Pan)
  10 sphinxes
  9 deep elf master archers (Pan)
  25 Executioners
  15 storm dragons
  Frances (D:14)
  16 ancient champions
  9 deep elf blademasters
  14 shadow dragons
  9 tengu reavers
  Kirke (Shoals:4)
  A shadow dragon (shapeshifter) (Vaults:5)
  7 death cobs
  7 warmongers (Pan)
  9 blood saints (Pan)
  16 azure jellies
  28 frost giants
  6 revenants
  A daeva (Pan)
  6 draconian monks
  A fenstrider witch (Zig:12)
  The ghost of Notrax the Brawler, a journeyman DrTm of Wu Jian (Spider:3)
  16 vault wardens
  Ilsuiw (Shoals:3)
  15 cacodemons
  5 draconian knights
  5 draconian scorchers (Zot:4)
  29 balrugs
  Louise (Shoals:3)
  14 fire giants
  A deep elf sorcerer (Crypt:3)
  Aizul (Spider:4)
  An angel (Pan)
  11 ghost moths
  3 emperor scorpions
  A caustic shrike zombie (D:15)
  7 iron dragons
  4 curse skulls
  9 draconian annihilators
  15 ironheart preservers
  The ghost of tilp the Martial Artist, a journeyman OpTm of Okawaru (Orc:2)
  11 draconian stormcallers
  48 reapers
  3 deep elf elementalists (Vaults:5)
  2 spriggan defenders (Depths:4)
  11 ghouls
  2 elemental wellsprings (Coc:7)
  30 very ugly things
  2 draconian shifters
  20 war gargoyles
  33 stone giants
  Nessos (D:14)
  6 corrupters
  6 green draconians
  3 deep elf demonologists
  7 bennus
  13 vampire knights
  5 purple draconians
  23 black draconians
  2 black suns
  4 lorocyprocas
  5 entropy weavers
  11 white draconians
  5 spark wasps
  3 deep elf annihilators (Pan)
  2 eleionomae (Zig:12)
  2 minotaurs
  20 red draconians
  Azrael (D:13)
  13 yellow draconians
  9 deep elf death magi
  8 eidola
  7 jiangshi
  A spectral quicksilver dragon (Vaults:4)
  3 crystal guardians (Crypt:3)
  11 fire dragons
  20 blizzard demons
  12 green deaths
  14 death oozes
  14 ettins
  A great orb of eyes (shapeshifter) (Depths:5)
  19 mummy priests
  8 merfolk javelineers
  Josephine (D:10)
  12 yaktaur captains
  5 quicksilver dragon zombies
  8 merfolk impalers
  17 great orbs of eyes
  3 kraken zombies
  Erolcha (D:11)
  6 deep elf high priests
  18 hydras
  15 rakshasas
  10 monstrous demonspawn
  2 quicksilver dragon skeletons
  23 ice dragons
  38 vault guards
  4 spriggan air magi
  A spectral sphinx (Vaults:4)
  9 ogre magi
  7 boulder beetles
  A merfolk aquamancer (Shoals:4)
  6 ghost crabs
  2 merfolk avatars
  4 hell beasts
  A spectral stone giant (Vaults:4)
  40 two-headed ogres
  7 centaur warriors
  3 catoblepae
  Erica (D:10)
  2 satyrs
  2 alligator snapping turtles (Shoals:4)
  11 deep troll shamans
  6 death yaks
  2 spectral frost giants (Vaults:4)
  7 death knights
  An alligator (Zig:12)
  An anaconda (shapeshifter) (Zig:1)
  62 death scarabs
  9 tengu warriors
  10 deep troll earth magi
  21 hell hogs
  6 dancing weapons
  An orc high priest (Orc:1)
  4 spriggan berserkers
  Urug (Lair:1)
  7 iron golems
  50 sun demons
  28 soul eaters
  6 thrashing horrors
  50 hell knights
  8 vampire magi
  11 titan zombies
  6 wretched stars
  4 storm dragon zombies
  3 fire crabs (shapeshifter)
  11 titan skeletons
  23 sixfirhies
  2 spectral humans (Vaults:4)
  4 storm dragon skeletons
  17 shadow wraiths
  5 ghost moth zombies
  25 deep elf knights
  3 goliath frogs (Zig:12)
  14 anaconda zombies
  132 skeletal warriors
  2 spatial maelstroms
  10 iron trolls
  18 flayed ghosts
  10 glowing orange brains
  A sea snake (shapeshifter) (Depths:4)
  10 bog bodies
  2 spriggan druids (Zig:12)
  A cherub (D:4)
  12 sea snakes
  31 deep trolls
  9 shadow dragon zombies
  9 gelid demonspawn
  2 infernal demonspawn (Pan)
  6 golden dragon zombies
  2 lindwurms
  11 shadow demons
  A quicksilver dragon simulacrum (Tar:4)
  12 unseen horrors
  5 torturous demonspawn (Pan)
  2 swamp dragons (Zig:12)
  6 wizards
  A tengu zombie (Vaults:5)
  A lindwurm (shapeshifter) (Vaults:4)
  11 orc knights
  22 deep elf archers
  23 ironbrand convokers
  4 golden dragon skeletons
  13 anaconda skeletons
  A harpy (shapeshifter) (Vaults:2)
  16 orb spiders
  31 necromancers
  22 deep elf zephyrmancers
  20 phantasmal warriors
  24 harpies
  5 orc sorcerers
  An orange crystal statue (Depths:3)
  6 wolf spider zombies
  21 deep elf pyromancers
  52 ugly things
  3 oklob plants
  12 stone giant zombies
  6 iron dragon zombies
  A spectral alligator snapping turtle (Shoals:2)
  A mana viper (shapeshifter) (Vaults:5)
  11 fauns
  A faun (shapeshifter) (Vaults:5)
  7 fire giant zombies
  31 wolf spiders
  5 shining eyes
  70 slime creatures
  5 frost giant zombies
  16 manticores
  5 dire elephant zombies
  7 cyclopes
  6 shadow dragon skeletons
  An iron dragon skeleton (Geh:7)
  9 fire giant skeletons
  26 rust devils
  3 water nymphs
  2 shock serpent zombies
  2 ice statues
  10 merfolk sirens
  11 elephants
  3 eyes of devastation
  8 frost giant skeletons
  17 vault sentinels
  An elephant (shapeshifter) (Vaults:5)
  4 torpor snails
  The ghost of stank58 the Chopper, a novice MiBe of Trog (D:5)
  39 moths of wrath
  15 molten gargoyles (Geh:7)
  3 black mambas
  5 centaur skeletons
  2 apocalypse crabs (Abyss:1)
  A cane toad (shapeshifter) (Vaults:3)
  44 smoke demons
  7 stone giant skeletons
  5 dire elephant skeletons
  Maggie (D:6)
  3 catoblepas zombies
  21 hellions
  7 rime drakes
  28 orange demons
  4 emperor scorpion zombies
  13 cane toads
  A shock serpent skeleton (Tar:2)
  A white draconian zombie (Crypt:1)
  A kobold demonologist (D:11)
  54 yaktaurs
  7 efreet
  4 anaconda simulacra
  44 ice devils
  32 freezing wraiths
  A rime drake (shapeshifter) (Vaults:4)
  7 komodo dragons
  25 hellwings
  32 tormentors
  9 ancient zymes
  47 guardian mummies
  6 tengu conjurers
  13 demonic crawlers
  3 catoblepas skeletons
  A yaktaur skeleton (Vaults:5)
  2 harpy zombies
  3 silent spectres
  6 meliai
  5 wind drakes
  33 red devils
  17 hydra zombies
  40 jumping spiders
  8 trolls
  A wolf spider simulacrum (D:14)
  4 harpy skeletons
  A tengu simulacrum (Vaults:3)
  4 polar bears
  12 raiju
  8 hornets
  9 blink frogs
  A blink frog (shapeshifter) (D:15)
  4 alligator zombies
  A fire dragon zombie (Crypt:3)
  12 merfolk
  8 ice dragon zombies
  Prince Ribbit (D:7)
  2 deep troll zombies
  9 hydra skeletons
  3 stone giant simulacra
  A frost giant simulacrum (Vaults:4)
  9 ettin zombies
  2 satyr zombies
  7 dream sheep
  12 snapping turtles
  An air elemental (Abyss:1)
  An iron dragon simulacrum (Crypt:2)
  31 starcursed masses
  Sigmund (D:5)
  5 fire dragon skeletons
  135 flying skulls
  19 tarantellas
  6 ettin skeletons
  7 ice dragon skeletons
  20 ynoxinuls
  A vampire (D:9)
  81 redbacks
  2 spriggans
  Eustachio (D:6)
  2 centaur simulacra (D:11)
  An alligator skeleton (Geh:3)
  45 large abominations
  A tarantella (shapeshifter) (Zig:1)
  A black mamba zombie (Geh:5)
  21 shadows
  19 water elementals
  5 wyverns
  11 humans (D:13)
  5 basilisks
  3 hogs (Shoals:4)
  A human (shapeshifter) (Vaults:2)
  11 golden eyes
  36 wraiths
  45 fire elementals
  19 neqoxecs
  An elf simulacrum (Vaults:4)
  A fire bat (shapeshifter) (Vaults:5)
  13 ushabtiu
  6 vampire mosquitoes
  14 chaos spawn
  4 human simulacra
  A yaktaur simulacrum (Vaults:4)
  A black mamba skeleton (Tomb:1)
  52 yaks
  12 small abominations
  An emperor scorpion simulacrum (Crypt:1)
  2 sea snake simulacra (Shoals:2)
  7 wargs
  3 merfolk zombies
  7 spatial vortices (Abyss:1)
  2 hydra simulacra
  Edmund (D:4)
  3 acid dragons
  10 cane toad zombies
  A soldier ant (shapeshifter) (Vaults:4)
  15 water moccasins
  A faun skeleton (Crypt:2)
  65 hell hounds
  A floating eye (Depths:4)
  2 merfolk skeletons
  54 orc warriors
  7 ice beasts
  2 sky beasts
  A swamp drake (shapeshifter) (Vaults:5)
  6 black bears
  3 cane toad skeletons
  5 snapping turtle zombies
  An alligator simulacrum (Coc:7)
  2 manticore zombies
  23 ogres
  2 eyes of draining (shapeshifter)
  10 eyes of draining
  2 swamp dragon zombies
  16 necrophages
  16 wolves
  2 ettin simulacra
  15 boggarts
  2 snapping turtle skeletons
  A centaur (shapeshifter) (Vaults:2)
  A manticore skeleton (Geh:7)
  28 centaurs
  A spectral cyclops (Shoals:2)
  3 swamp dragon skeletons
  7 phantoms
  A hog skeleton (Crypt:1)
  Blork the orc (D:5)
  15 bullfrogs
  An elf zombie (Crypt:2)
  9 gnoll sergeants
  An octopode zombie (Crypt:1)
  5 kobold brigands
  2 merfolk simulacra (Shoals:2)
  A salamander skeleton (Crypt:1)
  A cane toad simulacrum (Coc:7)
  A polar bear zombie (Crypt:2)
  3 scorpions
  2 warg zombies
  A yak zombie (Crypt:1)
  2 water moccasin skeletons
  6 killer bees (D:9)
  A queen bee zombie (Crypt:2)
  A troll zombie (Tar:4)
  A manticore simulacrum (Shoals:2)
  5 spriggan skeletons (D:13)
  2 troll skeletons
  42 wights
  A yak skeleton (Crypt:2)
  3 electric eels
  A howler monkey (D:11)
  6 centaur zombies
  A crimson imp (Geh:3)
  3 quasits
  A wyvern simulacrum (D:14)
  A human zombie (Crypt:1)
  8 hounds
  5 jellies
  27 orc priests
  2 bullfrog skeletons
  6 gnoll shamans (Bailey)
  3 iguanas
  27 iron imps
  Terence (D:2)
  7 worker ants
  3 human skeletons
  34 orc wizards
  4 hell rats (Hell)
  6 lightning spires (Abyss:3)
  A naga zombie (Tar:7)
  A felid skeleton (Crypt:2)
  A demigod skeleton (Crypt:2)
  A naga skeleton (Tar:2)
  An ogre skeleton (Geh:6)
  2 hound skeletons
  45 mummies
  27 gnolls
  2 howler monkey skeletons (D:5)
  10 adders
  A hound simulacrum (D:11)
  3 river rats (Sewer)
  5 shadow imps
  32 white imps
  5 ufetubi
  2 adder skeletons
  An iguana skeleton (Crypt:1)
  4 worms
  3 dart slugs
  7 leopard geckos
  85 orcs
  7 giant cockroaches
  9 hobgoblins
  12 jackals
  29 kobolds
  7 quokkas
  A ball python (D:4)
  6 bats
  7 frilled lizards
  8 goblins
  A jackal skeleton (D:4)
  An orc skeleton (Coc:4)
  2 orc zombies
  2 quokka skeletons
  8 rats
  3 ball lightnings (Pan)
  A block of ice (Pan)
  A bush (Lair:6)
  A lurking horror (Abyss:1)
  15 starspawn tentacles
  10 tentacles
4907 creatures vanquished.

Vanquished Creatures (collateral kills)
  Antaeus (Coc:7)
  Dispater (Dis:7)
  An orb of fire (Zot:5)
  3 royal mummies
  A pandemonium lord (Pan)
  Boris (Tomb:3)
  2 shard shrikes (Coc:7)
  A bone dragon (Tar:7)
  An electric golem (Zot:5)
  2 Brimstone Fiends
  A Tzitzimitl (Tar:7)
  2 Orb Guardians (Zot:5)
  4 Ice Fiends (Coc:7)
  2 Hell Sentinels (Dis:7)
  An ancient champion (Dis:4)
  6 Executioners (Pan)
  An acid blob (Slime:5)
  A ghost moth (Pan)
  2 balrugs (Pan)
  An iron dragon (Dis:7)
  A curse skull (Pan)
  4 cacodemons
  3 reapers
  A very ugly thing (Pan)
  A black sun (Pan)
  A bennu (Tomb:2)
  A mummy priest (Tomb:3)
  A death ooze (Slime:5)
  A great orb of eyes (Slime:5)
  An ice dragon (Coc:7)
  8 death scarabs
  A hell hog (Geh:7)
  6 soul eaters
  An iron golem (Dis:7)
  A shadow wraith (Tar:7)
  A titan skeleton (Geh:7)
  3 skeletal warriors
  A ghost moth zombie (Dis:4)
  A golden dragon skeleton (Coc:7)
  A shadow demon (Dis:7)
  A shadow dragon zombie (Dis:7)
  An ugly thing (Pan)
  A stone giant zombie (Geh:7)
  A fire giant zombie (Geh:7)
  2 molten gargoyles (Geh:7)
  2 orange demons (Pan)
  A dire elephant skeleton (Coc:7)
  8 ice devils
  5 tormentors
  3 guardian mummies
  A red devil (Geh:7)
  A harpy skeleton (Geh:7)
  A slime creature (Slime:5)
  An alligator zombie (Coc:7)
  A ynoxinul (Pan)
  An ice dragon skeleton (Geh:7)
  2 ushabtiu (Tomb:3)
  An alligator skeleton (Coc:7)
  A neqoxec (Pan)
  A cane toad skeleton (Pan)
  2 eyes of draining (Pan)
  A wight (Coc:7)
  An iron imp (Dis:4)
  2 mummies
  4 white imps (Coc:7)
120 creatures vanquished.

Vanquished Creatures (others)
  A lich (Vaults:4)
  A deep elf master archer (D:13)
  A sphinx (Tomb:1)
  A reaper (Tar:7)
  A hell hog (Geh:6)
  A goliath frog (Zig:12)
  A wizard (D:14)
  A manticore (Shoals:4)
  A rust devil (Dis:7)
  A hellwing (Pan)
  2 spectral manticores (Shoals:2)
  An ice dragon skeleton (Coc:7)
  A flying skull (Geh:7)
  A ynoxinul (Abyss:3)
  A wraith (Geh:4)
  A boggart (Vaults:2)
  An orc priest (Orc:1)
  2 iron imps (Dis:7)
  A white imp (Coc:7)
  An orc (Orc:1)
  6 ball lightnings (Pan)
  23 fungi
  2 lurking horrors (Abyss:1)
  43 plants
  5 starspawn tentacles
  3 tentacles
  A withered plant (D:15)
105 creatures vanquished.

Grand Total: 5132 creatures vanquished

Notes
Turn   | Place    | Note
-------+----------+-------------------------------------------
     0 | D:1      | DavidChitty2 the Minotaur Fighter began the quest for the
                  | Orb.
     0 | D:1      | Reached XP level 1. HP: 19/19 MP: 0/0
   388 | D:1      | Reached XP level 2. HP: 27/27 MP: 1/1
  1016 | D:1      | Reached XP level 3. HP: 29/33 MP: 2/2
  1219 | D:2      | Noticed Terence
  1259 | D:2      | Reached XP level 4. HP: 40/40 MP: 3/3
  1277 | D:2      | Killed Terence
  1965 | D:3      | Reached XP level 5. HP: 46/47 MP: 4/4
  2504 | D:3      | Found a faded altar of an unknown god.
  2962 | D:4      | Noticed Edmund
  2973 | D:4      | Killed Edmund
  2974 | D:4      | Reached skill level 5 in Axes
  2974 | D:4      | Reached XP level 6. HP: 36/55 MP: 5/5
  3498 | D:4      | Reached skill level 5 in Fighting
  3498 | D:4      | Reached skill level 5 in Armour
  3504 | D:4      | Reached skill level 5 in Shields
  3808 | D:4      | Found a burning altar of Makhleb.
  3862 | D:5      | Entered Level 5 of the Dungeon
  4196 | D:5      | Reached XP level 7. HP: 18/61 MP: 6/6
  4254 | D:5      | Noticed Sigmund
  4415 | D:5      | Killed Sigmund
  4712 | D:5      | Found a runed translucent gate.
  4712 | D:5      | Identified the +7 rapier "Wupriaw" {venom, +Fly}
  4712 | D:5      | Noticed stank58's ghost (novice MiBe)
  4715 | D:5      | Found a runed translucent gate.
  4715 | D:5      | Found a runed translucent gate.
  4746 | D:5      | Found a stormy altar of Qazlal.
  4875 | D:5      | Noticed Blork the orc
  4886 | D:5      | Killed Blork the orc
  5096 | D:5      | Found a shimmering altar of Xom.
  5096 | D:5      | Found a basalt altar of Yredelemnul.
  5097 | D:5      | Found an iron altar of Okawaru.
  5105 | D:5      | Became a worshipper of Warmaster Okawaru
  5306 | D:5      | Killed stank58's ghost
  5307 | D:5      | Reached skill level 1 in Invocations
  5307 | D:5      | Reached XP level 8. HP: 42/70 MP: 7/7
  5746 | D:6      | Reached * piety under Okawaru
  5782 | D:6      | Found a glowing silver altar of Zin.
  5782 | D:6      | Found an opulent altar of Gozag.
  5814 | D:6      | Noticed Eustachio
  5829 | D:6      | Killed Eustachio
  6081 | D:6      | Found a staircase to the Ecumenical Temple.
  6145 | D:6      | Found a glowing drain.
  6146 | D:6      | Noticed Maggie
  6164 | D:6      | Killed Maggie
  6164 | D:6      | Reached ** piety under Okawaru
  6165 | D:6      | Reached XP level 9. HP: 43/79 MP: 8/10
  6177 | Sewer    | Entered a sewer
  6476 | Sewer    | Found a white marble altar of Elyvilon.
  6863 | D:7      | Noticed Prince Ribbit
  6879 | D:7      | Killed Prince Ribbit
  6964 | D:7      | Found a white marble altar of Elyvilon.
  6970 | D:7      | Found a broken altar of Ashenzari.
  7352 | D:7      | Found a bloodstained altar of Trog.
  7386 | D:7      | Found a shadowy altar of Dithmenos.
  7928 | D:8      | Reached skill level 10 in Axes
  8095 | D:8      | Identified the +1 ring mail "Atot" {Rampage rCorr}
  8120 | D:8      | Found a staircase to the Lair.
  8149 | D:8      | Reached *** piety under Okawaru
  8221 | D:8      | Noticed a two-headed ogre
  8236 | D:8      | Killed a two-headed ogre
  8525 | D:8      | Reached XP level 10. HP: 71/88 MP: 9/12
  8602 | D:8      | Found an ornate altar of the Wu Jian Council.
  8645 | D:8      | Noticed a two-headed ogre
  8655 | D:8      | Killed a two-headed ogre
  8966 | D:8      | Found Ulyimadd's Armour Emporium.
  9349 | D:9      | Noticed a five-headed hydra
  9377 | D:9      | Killed a five-headed hydra
  9378 | D:9      | Reached skill level 5 in Invocations
  9517 | D:9      | Reached **** piety under Okawaru
  9794 | D:9      | Found a runed translucent door.
  9794 | D:9      | Found a runed translucent door.
  9986 | D:9      | Noticed a manticore
  9989 | D:9      | Noticed a cyan ugly thing
  9992 | D:9      | Noticed a tengu warrior
  9997 | D:9      | Noticed a cyclops
  9998 | D:9      | Killed a manticore
 10015 | D:9      | Killed a cyan ugly thing
 10017 | D:9      | Reached ***** piety under Okawaru
 10264 | D:9      | Found the +3 giant club "Skullcrusher" {speed, Str+7}
 10301 | D:9      | Identified the Handbook of Virous Ice
 10478 | D:9      | Killed a tengu warrior
 10479 | D:9      | Reached XP level 11. HP: 93/97 MP: 7/14
 10662 | D:9      | Found a hazy altar of Hepliaklqana.
 10780 | D:10     | Entered Level 10 of the Dungeon
 11163 | D:10     | Noticed Josephine
 11184 | D:10     | Killed Josephine
 11399 | D:10     | Noticed Erica
 11409 | D:10     | Killed Erica
 11598 | D:10     | Found a staircase to the Orcish Mines.
 11685 | D:10     | Identified a scroll of acquirement
 11685 | D:10     | Acquired a +1 pair of gloves of strength
 11936 | D:10     | Acquired 750 gold pieces
 11985 | D:11     | Found a gate leading to a gauntlet.
 11991 | Gauntlet | Entered a Gauntlet
 11991 | Gauntlet | Found a transporter.
 11999 | Gauntlet | Found a transporter.
 12001 | Gauntlet | Found a transporter.
 12014 | Gauntlet | Found a transporter.
 12015 | Gauntlet | Found a transporter.
 12024 | Gauntlet | Found a transporter.
 12037 | Gauntlet | Noticed a hell beast
 12040 | Gauntlet | Found a transporter.
 12050 | Gauntlet | Found a transporter.
 12054 | Gauntlet | Found a runed translucent door.
 12063 | Gauntlet | Found a transporter.
 12079 | Gauntlet | Found a transporter.
 12092 | Gauntlet | Found a runed translucent door.
 12092 | Gauntlet | Noticed a tengu warrior
 12093 | Gauntlet | Found a transporter.
 12093 | Gauntlet | Found a transporter.
 12095 | Gauntlet | Found a runed translucent door.
 12138 | Gauntlet | Found a transporter.
 12151 | Gauntlet | Noticed an obsidian statue
 12161 | Gauntlet | Found a transporter.
 12526 | Gauntlet | Identified the +0 pair of gloves "Ediokeco" {Regen+ rCorr
                  | Str+6 Int-2}
 12557 | Gauntlet | Reached skill level 10 in Armour
 12560 | Gauntlet | Killed a tengu warrior
 12561 | Gauntlet | Reached skill level 10 in Fighting
 12561 | Gauntlet | Reached skill level 10 in Shields
 12737 | Gauntlet | Identified the ring "Iheegu" {rF++ Int+6 Dex+4}
 12739 | Gauntlet | Identified the +3 quarterstaff "Ylousolu" {flame, Dex+2}
 12794 | Gauntlet | Identified the +4 broad axe of Salt {vorpal, Str+2}
 12794 | Gauntlet | Noticed a minotaur
 12809 | Gauntlet | Killed a minotaur
 12817 | Gauntlet | Found the +6 shillelagh "Devastator" {shatter}
 12881 | D:11     | Noticed a death knight
 12881 | D:11     | Noticed a phantasmal warrior
 12891 | D:11     | Killed a death knight
 12891 | D:11     | Received a gift from Okawaru
 12902 | D:11     | Reached XP level 12. HP: 37/107 MP: 9/16
 12978 | D:11     | Noticed a four-headed hydra
 12988 | D:11     | Killed a four-headed hydra
 13264 | D:11     | Noticed Erolcha
 13314 | D:11     | Reached ****** piety under Okawaru
 13321 | D:11     | Received a gift from Okawaru
 13334 | D:11     | Paralysed by Erolcha for 3 turns
 13338 | D:11     | Killed Erolcha
 13436 | D:11     | Found Uhug's Book Boutique.
 13816 | Lair:1   | Entered Level 1 of the Lair of Beasts
 13887 | Lair:1   | Reached skill level 15 in Axes
 14124 | Lair:1   | Noticed a six-headed hydra
 14136 | Lair:1   | Killed a six-headed hydra
 14337 | Lair:1   | Reached XP level 13. HP: 108/116 MP: 18/18
 14409 | Lair:1   | Noticed Urug
 14422 | Lair:1   | Killed Urug
 14494 | Lair:1   | Received a gift from Okawaru
 15253 | Lair:2   | Received a gift from Okawaru
 15629 | Lair:3   | Noticed Rupert
 15631 | Lair:3   | Paralysed by Rupert for 6 turns
 15644 | Lair:3   | Killed Rupert
 15644 | Lair:3   | Received a gift from Okawaru
 16118 | Lair:3   | Found a runed translucent door.
 16557 | Lair:3   | Identified the Incunabulum of the Compass
 16999 | Lair:4   | Reached XP level 14. HP: 116/127 MP: 19/19
 17005 | Lair:4   | Found a hole to the Spider Nest.
 17076 | Lair:4   | Found a staircase to the Shoals.
 17108 | Lair:4   | Received a gift from Okawaru
 17667 | Lair:5   | Found a shimmering altar of Xom.
 17841 | Lair:5   | Found a viscous altar of Jiyva.
 17841 | Lair:5   | Found a staircase to the Slime Pits.
 18162 | Lair:6   | Entered Level 6 of the Lair of Beasts
 18562 | Lair:6   | Identified the +3 kite shield "Aciafauh" {*Drain rCorr
                  | Slay+3} (Okawaru gifted it to you on level 6 of the Lair of
                  | Beasts)
 18562 | Lair:6   | Received a gift from Okawaru
 18625 | Lair:6   | Found a white marble altar of Elyvilon.
 18917 | Lair:6   | Found a burning altar of Makhleb.
 18968 | Lair:6   | Found a gateway to Hell.
 19761 | D:12     | Found Apigh's Armour Boutique.
 19767 | D:12     | Found Ufiem's Antique Weapon Boutique.
 19869 | D:12     | Found Saikit Zatok's Book Emporium.
 19892 | D:12     | Reached XP level 15. HP: 117/138 MP: 20/20
 20069 | D:12     | Found Nemes's General Store.
 20075 | D:12     | Bought 2 potions of heal wounds for 150 gold pieces
 20129 | D:13     | Noticed Azrael
 20137 | D:13     | Killed Azrael
 20137 | D:13     | Received a gift from Okawaru
 20169 | D:13     | Found a gate to the Vaults.
 20255 | D:13     | Found a flagged portal.
 20267 | Bailey   | Entered a bailey
 20730 | D:13     | Acquired the amulet of Ydghux {Spirit rPois Stlth+}
 20770 | D:13     | Identified the +0 plate armour of Okawaru's Anger {rF+
                  | Stlth+} (Okawaru gifted it to you on level 13 of the
                  | Dungeon)
 20770 | D:13     | Received a gift from Okawaru
 21772 | D:14     | Noticed Nessos
 21806 | D:14     | Killed Nessos
 21972 | D:14     | Reached skill level 15 in Armour
 22060 | D:14     | Noticed Frances
 22068 | D:14     | Killed Frances
 22069 | D:14     | Reached skill level 15 in Fighting
 22069 | D:14     | Reached skill level 15 in Shields
 22113 | D:14     | Found Hufedibu's General Store.
 22159 | D:14     | Bought the +2 shield of Resistance {rF++ rC++ Will++} for
                  | 1038 gold pieces
 22159 | D:14     | Found the +2 shield of Resistance {rF++ rC++ Will++}
 22495 | D:15     | Entered Level 15 of the Dungeon
 22540 | D:15     | Found a staircase to the Depths.
 22695 | D:15     | Identified the +8 chain mail of a Million Wonders {rN+
                  | Str+4 Dex+2} (Okawaru gifted it to you on level 15 of the
                  | Dungeon)
 22695 | D:15     | Received a gift from Okawaru
 23560 | D:15     | Reached XP level 16. HP: 148/151 MP: 19/21
 23588 | D:15     | Found Neicuz's Armour Shoppe.
 23917 | Orc:1    | Entered Level 1 of the Orcish Mines
 23950 | Orc:1    | Found a roughly hewn altar of Beogh.
 24078 | Orc:1    | You fall into a shaft and drop 1 floor!
 24078 | Orc:2    | Entered Level 2 of the Orcish Mines
 24105 | Orc:2    | Identified the +3 great sword "Obemoha" {antimagic, Dex+2}
 24108 | Orc:2    | Noticed tilp's ghost (journeyman OpTm)
 24113 | Orc:2    | Found a transporter.
 24125 | Orc:2    | Received a gift from Okawaru
 24290 | Orc:2    | Found Diaphae's Jewellery Boutique.
 24290 | Orc:2    | Found Oniter's Antique Weapon Emporium.
 24323 | Orc:2    | Found Fazu's Distillery.
 24325 | Orc:2    | Found Qeagatz's Book Shoppe.
 24332 | Orc:2    | Bought a potion of heal wounds for 65 gold pieces
 24370 | Orc:2    | Found Cemiag's Magic Scroll Shoppe.
 24387 | Orc:2    | Bought a scroll of acquirement for 780 gold pieces
 24387 | Orc:2    | Acquired the +2 hood of the Assassin {Detection Stab+
                  | Stlth++}
 24388 | Orc:2    | Found the +2 hood of the Assassin {Detection Stab+ Stlth++}
 25042 | Orc:2    | Found a roughly hewn altar of Beogh.
 25046 | Orc:2    | Found a staircase to the Elven Halls.
 25094 | Orc:2    | Found a transporter.
 25135 | Orc:2    | Found a bloodstained altar of Trog.
 25245 | Orc:2    | Identified the +8 broad axe of the Fifty Hosts {flame,
                  | rElec rF++ Str+4 Int+4}
 25295 | Orc:2    | Received a gift from Okawaru
 25316 | Orc:2    | Killed tilp's ghost
 25627 | Spider:1 | Entered Level 1 of the Spider Nest
 26787 | Spider:2 | Noticed Arachne
 26797 | Spider:2 | Killed Arachne
 27079 | Spider:2 | Noticed Jorgrun
 27091 | Spider:2 | Killed Jorgrun
 27104 | Spider:2 | Received a gift from Okawaru
 27220 | Spider:2 | Reached XP level 17. HP: 165/165 MP: 22/22
 28194 | Spider:3 | Found a runed translucent door.
 28199 | Spider:3 | Noticed Notrax's ghost (journeyman DrTm)
 28518 | Spider:3 | Identified the +4 hunting sling "Xoilicw" {freeze, +Inv
                  | rPois Will+++ Int-3}
 28710 | Spider:3 | Killed Notrax's ghost
 28776 | Spider:4 | Entered Level 4 of the Spider Nest
 28788 | Spider:4 | Noticed Aizul
 28805 | Spider:4 | Killed Aizul
 29366 | Spider:4 | Received a gift from Okawaru
 29689 | Spider:4 | Received a gift from Okawaru
 29820 | Spider:4 | Got a gossamer rune of Zot
 30018 | Lair:4   | Acquired 1001 gold pieces
 30020 | Shoals:1 | Entered Level 1 of the Shoals
 30639 | Shoals:1 | Found Rusk's Assorted Antiques.
 30642 | Shoals:1 | Bought a warped platinum ring for 100 gold pieces
 30642 | Shoals:1 | Identified the ring "Kiozi" {+Fly Str+2 Dex+2} (You bought
                  | it in a shop on level 1 of the Shoals)
 30967 | Shoals:2 | Reached skill level 1 in Dodging
 31000 | Shoals:2 | Found a runed translucent gate.
 31002 | Shoals:2 | Found a runed translucent gate.
 31002 | Shoals:2 | Found a runed translucent gate.
 31004 | Shoals:2 | Noticed Haeres's ghost (adept DsCj)
 31025 | Shoals:2 | Reached skill level 1 in Evocations
 31042 | Shoals:2 | Killed Haeres's ghost
 31042 | Shoals:2 | Received a gift from Okawaru
 31043 | Shoals:2 | Reached XP level 18. HP: 151/178 MP: 17/23
 31453 | Shoals:3 | Noticed Ilsuiw
 31513 | Shoals:3 | Killed Ilsuiw
 31631 | Shoals:3 | Noticed Louise
 31639 | Shoals:3 | Killed Louise
 31960 | Shoals:3 | Found a hide-covered altar of Uskayaw.
 32266 | Shoals:4 | Entered Level 4 of the Shoals
 32556 | D:11     | Bought a manual of Dodging for 1766 gold pieces
 32966 | Shoals:4 | Noticed Bai Suzhen
 32986 | Shoals:4 | Killed Bai Suzhen
 33187 | Shoals:4 | Received a gift from Okawaru
 33304 | Shoals:4 | Noticed Kirke
 33312 | Shoals:4 | Killed Kirke
 33763 | Shoals:4 | Got a barnacled rune of Zot
 34209 | Vaults:1 | Entered Level 1 of the Vaults
 34331 | Vaults:1 | Reached skill level 5 in Dodging
 34331 | Vaults:1 | Reached skill level 5 in Evocations
 34338 | Vaults:1 | Noticed a lich
 34504 | Vaults:1 | Received a gift from Okawaru
 34629 | Vaults:1 | Reached XP level 19. HP: 174/193 MP: 18/24
 35165 | Vaults:1 | Identified the +7 executioner's axe "Hydrabane" {spect,
                  | +Fly rC+ Will+} (Okawaru gifted it to you on level 1 of the
                  | Vaults)
 35165 | Vaults:1 | Received a gift from Okawaru
 35772 | Vaults:2 | Received a gift from Okawaru
 35893 | Vaults:2 | Identified the +1 leather armour "Sutrir" {rElec}
 35989 | Vaults:2 | Reached skill level 10 in Dodging
 36233 | Vaults:2 | Received a gift from Okawaru
 36471 | Vaults:2 | Identified the +4 great mace of Extinguishment {drain,
                  | Fragile rF+ rN+++ Stlth+}
 36715 | Vaults:2 | Found a staircase to the Crypt.
 36844 | Vaults:3 | Acquired 740 gold pieces
 36871 | Vaults:3 | Found Qoaty's Assorted Antiques.
 36932 | Vaults:3 | You fall into a shaft and drop 1 floor!
 36939 | Vaults:4 | Reached XP level 20. HP: 201/205 MP: 22/25
 37248 | Vaults:3 | Received a gift from Okawaru
 37375 | Vaults:3 | Found Rimar's Antique Weapon Shoppe.
 37415 | Vaults:3 | Found a shimmering blue altar of Sif Muna.
 38692 | Vaults:4 | Found a runed translucent gate.
 38692 | Vaults:4 | Found a runed translucent gate.
 38692 | Vaults:4 | Found a runed translucent gate.
 38694 | Vaults:4 | Noticed Wakhat's ghost (adept MiFi)
 39129 | Vaults:4 | Identified the +1 hat of Liberalism {Will- Regen+ Int+2
                  | Dex+10} (Okawaru gifted it to you on level 4 of the Vaults)
 39129 | Vaults:4 | Received a gift from Okawaru
 39362 | Vaults:4 | Reached skill level 10 in Evocations
 39495 | Vaults:4 | Reached XP level 21. HP: 215/215 MP: 26/26
 39639 | Vaults:4 | Killed Wakhat's ghost
 39665 | Vaults:4 | Identified the ring "Ytik" {*Corrode AC+4 Str+9 Dex+2
                  | Slay+2}
 39961 | Depths:1 | Entered Level 1 of the Depths
 40123 | Depths:1 | Found a broken altar of Ashenzari.
 40642 | Depths:1 | Received a gift from Okawaru
 40723 | Depths:1 | Found Wyibil's Weapon Boutique.
 40867 | Depths:1 | Found a gateway to a ziggurat.
 41139 | Depths:2 | Identified the +1 leather armour of Absence {*Drain rPois
                  | rF+ Str+4}
 41147 | Depths:2 | Found a runed translucent gate.
 41148 | Depths:2 | Found a runed translucent gate.
 41149 | Depths:2 | Found a runed translucent gate.
 41150 | Depths:2 | Noticed Darphi Gurche's ghost (veteran TrDe)
 41163 | Depths:2 | Found a viscous altar of Jiyva.
 41179 | Depths:2 | Killed Darphi Gurche's ghost
 41237 | Depths:2 | Identified the +0 pair of boots of Xom's Inspiration
                  | {rCorr}
 41683 | Depths:2 | Identified the +2 hat of Oduitez {rC+ Str-2 Slay+3}
                  | (Okawaru gifted it to you on level 2 of the Depths)
 41683 | Depths:2 | Received a gift from Okawaru
 42036 | Depths:3 | Reached XP level 22. HP: 228/228 MP: 27/27
 42678 | Depths:3 | Found a one-way gate leading to the halls of Pandemonium.
 42791 | Depths:3 | Found a shimmering altar of Xom.
 42841 | Depths:3 | Identified the +3 plate armour "Zaizeamn" {rF- rCorr Str+7
                  | SInv}
 43258 | Depths:4 | Paralysed by a floating eye for 4 turns
 43530 | Depths:4 | Reached skill level 27 in Fighting
 43746 | Depths:4 | Received a gift from Okawaru
 43969 | Depths:4 | Found a one-way gate to the infinite horrors of the Abyss.
 43973 | Depths:4 | Found Doag's Magic Scroll Emporium.
 43986 | Depths:4 | Found Edithruo's Weapon Emporium.
 43986 | Depths:4 | Found Ziyffyula's General Store.
 43989 | Depths:4 | Found Damafib's Jewellery Shoppe.
 44383 | Depths:4 | Identified the +8 quarterstaff "Beetlebane" {elec, rF+
                  | SInv}
 45016 | Depths:5 | Entered Level 5 of the Depths
 45052 | Depths:5 | Received a gift from Okawaru
 45058 | Depths:5 | Reached XP level 23. HP: 218/240 MP: 23/28
 45077 | Depths:5 | Found a gate to the Realm of Zot.
 45170 | Depths:5 | Noticed Frederick
 45186 | Depths:5 | Killed Frederick
 45413 | Depths:4 | Noticed a caustic shrike
 45415 | Depths:4 | Identified the +9 hand axe of Purse {vorpal, +Blink rElec
                  | rC- Int+3} (Okawaru gifted it to you on level 4 of the
                  | Depths)
 45415 | Depths:4 | Received a gift from Okawaru
 45420 | Depths:4 | Killed a caustic shrike
 45421 | Depths:4 | Reached skill level 27 in Armour
 45675 | Depths:5 | Found a corrupted altar of Lugonu.
 46219 | Zig:1    | Entered Level 1 of a ziggurat
 46232 | Zig:2    | Entered Level 2 of a ziggurat
 46233 | Zig:2    | Noticed a dread lich
 46243 | Zig:2    | Killed a dread lich
 46244 | Zig:2    | Reached skill level 15 in Dodging
 46279 | Zig:2    | Identified the +7 broad axe of Bloodstone {vamp, +Rage +Fly
                  | MP+9}
 46288 | Zig:3    | Entered Level 3 of a ziggurat
 46315 | Zig:4    | Entered Level 4 of a ziggurat
 46318 | Zig:4    | Noticed a dread lich
 46334 | Zig:4    | Killed a dread lich
 46377 | Zig:5    | Entered Level 5 of a ziggurat
 46385 | Zig:5    | Received a gift from Okawaru
 46540 | Zig:6    | Entered Level 6 of a ziggurat
 46720 | Zig:7    | Entered Level 7 of a ziggurat
 46727 | Zig:7    | Noticed Aqaontap the pandemonium lord
 46756 | Zig:7    | Killed Aqaontap the pandemonium lord
 46826 | Zig:8    | Entered Level 8 of a ziggurat
 46834 | Zig:8    | Noticed a dread lich
 46853 | Zig:8    | Killed a dread lich
 46853 | Zig:8    | Identified the +1 pair of boots of Okawaru's Benevolence
                  | {Harm Regen+} (Okawaru gifted it to you on level 8 of a
                  | ziggurat)
 46853 | Zig:8    | Received a gift from Okawaru
 46854 | Zig:8    | Reached XP level 24. HP: 213/249 MP: 20/28
 46905 | Zig:8    | Identified the amulet of Starshine {Acrobat rElec rF+}
 46910 | Zig:8    | Identified the +8 flail of Jakleym {vorpal, +Rage rElec
                  | Int+3 Stlth+}
 46914 | Zig:8    | Identified the Collected Works on Moulding and the Arsonist
 46936 | Zig:9    | Entered Level 9 of a ziggurat
 46949 | Zig:9    | Gained mutation: You are weak. (Str -2) [a shining eye]
 47072 | Zig:9    | Identified the +6 war axe of the Endless March {venom, rC+
                  | Stlth+}
 47081 | Zig:9    | Identified Sif Muna's Incunabulum of the Rocks and
                  | Contamination
 47086 | Zig:9    | Identified the Papyrus of Flying Orientation
 47102 | Zig:10   | Entered Level 10 of a ziggurat
 47108 | Zig:10   | Noticed an orb of fire
 47111 | Zig:10   | Noticed an orb of fire
 47112 | Zig:10   | Noticed an orb of fire
 47113 | Zig:10   | Noticed an orb of fire
 47123 | Zig:10   | Killed an orb of fire
 47131 | Zig:10   | Gained mutation: Your body sometimes deteriorates upon
                  | taking damage. [an orb of fire]
 47134 | Zig:10   | Gained mutation: You tend to lose your temper in combat.
                  | [an orb of fire]
 47141 | Zig:10   | Killed an orb of fire
 47144 | Zig:10   | Killed an orb of fire
 47148 | Zig:10   | Killed an orb of fire
 47214 | Zig:10   | Found the +3 warlock's mirror {reflect}
 47248 | Zig:11   | Entered Level 11 of a ziggurat
 47255 | Zig:11   | Noticed a dread lich
 47255 | Zig:11   | Noticed a dread lich
 47263 | Zig:11   | Killed a dread lich
 47265 | Zig:11   | Killed a dread lich
 47265 | Zig:11   | Received a gift from Okawaru
 47395 | Zig:11   | Identified the ring "Kost" {rElec Str+6 Dex+6}
 47401 | Zig:11   | Identified the +8 broad axe of Jumiyss {vorpal, rElec rC+
                  | Dex+6}
 47404 | Zig:11   | Identified the +1 chain mail "Toiguu" {rPois}
 47428 | Zig:12   | Entered Level 12 of a ziggurat
 47530 | Zig:12   | Identified the ring of Does {rPois rF+ rN+}
 47537 | Zig:12   | Identified Sif Muna's Volume of Moulding and Confrontation
 47544 | Zig:12   | Identified the ring "Jaducur" {+Fly rPois rC+++ Str+3
                  | Dex-5}
 47552 | Zig:13   | Entered Level 13 of a ziggurat
 47570 | Zig:13   | Noticed Pual the pandemonium lord
 47722 | Depths:1 | Lost mutation: Your body sometimes deteriorates upon taking
                  | damage. [potion of mutation]
 47722 | Depths:1 | Lost mutation: You are weak. (Str -2) [potion of mutation]
 47722 | Depths:1 | Lost mutation: You tend to lose your temper in combat.
                  | [potion of mutation]
 47722 | Depths:1 | Gained mutation: You expend magic power (3 MP) to
                  | strengthen your wands. [potion of mutation]
 47722 | Depths:1 | Gained mutation: Your system is resistant to poisons.
                  | (rPois) [potion of mutation]
 47722 | Depths:1 | Gained mutation: You are clumsy. (Dex -2) [potion of
                  | mutation]
 47722 | Depths:1 | Gained mutation: Your mind is acute. (Int +2) [potion of
                  | mutation]
 47723 | Depths:1 | Lost mutation: Your system is resistant to poisons. (rPois)
                  | [potion of mutation]
 47723 | Depths:1 | Lost mutation: You expend magic power (3 MP) to strengthen
                  | your wands. [potion of mutation]
 47723 | Depths:1 | Lost mutation: Your mind is acute. (Int +2) [potion of
                  | mutation]
 47723 | Depths:1 | Gained mutation: You are partially covered in slimy green
                  | scales. (AC +2) [potion of mutation]
 47723 | Depths:1 | Gained mutation: You have a pair of large horns on your
                  | head. [potion of mutation]
 47724 | Depths:1 | Lost mutation: You have a pair of large horns on your head.
                  | [potion of mutation]
 47724 | Depths:1 | Lost mutation: You are clumsy. (Dex -2) [potion of
                  | mutation]
 47724 | Depths:1 | Gained mutation: You are covered in fur. (AC +1) [potion of
                  | mutation]
 47724 | Depths:1 | Gained mutation: You are agile. (Dex +2) [potion of
                  | mutation]
 47983 | Vaults:4 | Learned a level 2 spell: Blink
 48009 | Vaults:4 | Reached XP level 25. HP: 257/257 MP: 28/28
 48015 | Vaults:5 | Entered Level 5 of the Vaults
 48024 | Vaults:5 | Reached skill level 1 in Spellcasting
 48032 | Vaults:5 | Received a gift from Okawaru
 48164 | Vaults:5 | Found Gikai's Distillery.
 48274 | Vaults:5 | Reached skill level 5 in Translocations
 48290 | Vaults:5 | Reached XP level 26. HP: 201/262 MP: 24/28
 48484 | Vaults:5 | Bought a potion of heal wounds for 80 gold pieces
 48484 | Vaults:5 | Bought a potion of heal wounds for 80 gold pieces
 48649 | Vaults:5 | Received a gift from Okawaru
 48662 | Vaults:5 | Noticed an ancient lich
 48672 | Vaults:5 | Killed an ancient lich
 49039 | Vaults:5 | Found Sowurij's Antique Armour Shop.
 49111 | Vaults:5 | Found Mestue's Jewellery Shoppe.
 49370 | Vaults:5 | Got a silver rune of Zot
 49378 | Vaults:5 | Found Yzusox's Magic Scroll Shop.
 49383 | Vaults:5 | Bought a scroll of acquirement for 780 gold pieces
 49383 | Vaults:5 | Acquired a +1 pair of boots of rampaging
 49479 | Vaults:5 | Found Xoulyras's Magic Scroll Shoppe.
 49966 | Slime:1  | Entered Level 1 of the Pits of Slime
 50183 | Slime:3  | Received a gift from Okawaru
 50237 | Slime:3  | Noticed Dissolution
 50244 | Slime:3  | Gained mutation: Your body sometimes deteriorates upon
                  | taking damage. [a shining eye]
 50247 | Slime:3  | Killed Dissolution
 50290 | Slime:4  | Reached XP level 27. HP: 250/273 MP: 13/28
 50371 | Slime:5  | Entered Level 5 of the Pits of Slime
 50408 | Slime:5  | Noticed the Royal Jelly
 50424 | Slime:5  | Killed the Royal Jelly
 50424 | Slime:5  | Received a gift from Okawaru
 50428 | Slime:5  | Gained mutation: You have large cloven feet. [a shining
                  | eye]
 50431 | Slime:5  | Lost mutation: You are agile. (Dex +2) [a shining eye]
 50435 | Slime:5  | Gained mutation: You are weak. (Str -2) [a shining eye]
 50436 | Slime:5  | Gained mutation: Your body often deteriorates upon taking
                  | damage. [a shining eye]
 50441 | Slime:5  | Gained mutation: Scrolls take you a little longer to read.
                  | [a shining eye]
 50442 | Slime:5  | Gained mutation: You do not regenerate when monsters are
                  | visible. [a shining eye]
 50444 | Slime:5  | Gained mutation: Potions are less effective at restoring
                  | your health. [a shining eye]
 50575 | Slime:5  | Gained mutation: You are very weak. (Str -4) [a shining
                  | eye]
 50763 | Slime:5  | Identified the +9 quarterstaff of the Crushing Asp {drain,
                  | rPois rF+ rC+ SInv Stlth+}
 50788 | Slime:5  | Identified the +5 kite shield "Boares" {Stlth+}
 50795 | Slime:5  | Identified the +0 plate armour of the Marlin {rElec Will-
                  | Str-3 Slay+5}
 50807 | Slime:5  | Identified the +0 pair of gloves "Moeg" {rElec}
 50848 | Slime:5  | Got a slimy rune of Zot
 50849 | Slime:5  | Identified the +5 falchion of Imbalance {vorpal, rPois rC-
                  | Will+ Str+5}
 51355 | Lair:1   | Lost mutation: You are partially covered in slimy green
                  | scales. (AC +2) [potion of mutation]
 51355 | Lair:1   | Lost mutation: Your body often deteriorates upon taking
                  | damage. [potion of mutation]
 51355 | Lair:1   | Lost mutation: You are very weak. (Str -4) [potion of
                  | mutation]
 51355 | Lair:1   | Lost mutation: Scrolls take you a little longer to read.
                  | [potion of mutation]
 51355 | Lair:1   | Gained mutation: You occasionally shout uncontrollably at
                  | your foes. [potion of mutation]
 51355 | Lair:1   | Gained mutation: You can translocate small distances at
                  | will. [potion of mutation]
 51356 | Lair:1   | Lost mutation: Your body sometimes deteriorates upon taking
                  | damage. [potion of mutation]
 51356 | Lair:1   | Lost mutation: You do not regenerate when monsters are
                  | visible. [potion of mutation]
 51356 | Lair:1   | Gained mutation: You have hoof-like feet. [potion of
                  | mutation]
 51356 | Lair:1   | Gained mutation: You are partially covered in yellow
                  | scales. (AC +2) [potion of mutation]
 51357 | Lair:1   | Lost mutation: You are weak. (Str -2) [potion of mutation]
 51357 | Lair:1   | Lost mutation: Potions are less effective at restoring your
                  | health. [potion of mutation]
 51357 | Lair:1   | Lost mutation: You occasionally shout uncontrollably at
                  | your foes. [potion of mutation]
 51357 | Lair:1   | Lost mutation: You are partially covered in yellow scales.
                  | (AC +2) [potion of mutation]
 51357 | Lair:1   | Gained mutation: Your muscles are strong. (Str +2) [potion
                  | of mutation]
 51357 | Lair:1   | Gained mutation: Your flesh is heat resistant. (rF+)
                  | [potion of mutation]
 51677 | Depths:4 | Voluntarily entered the Abyss.
 51841 | Abyss:1  | Noticed a dread lich
 51846 | Abyss:1  | Killed a dread lich
 52202 | Depths:4 | Escaped the Abyss
 52218 | Depths:4 | Voluntarily entered the Abyss.
 52837 | Abyss:2  | Noticed an ancient lich
 52844 | Abyss:2  | Killed an ancient lich
 52979 | Abyss:3  | Got an abyssal rune of Zot
 53056 | Depths:4 | Escaped the Abyss
 53456 | Temple   | Entered the Ecumenical Temple
 53797 | Vaults:5 | Bought a ring of positive energy for 240 gold pieces
 54081 | Temple   | Fell from the grace of Okawaru
 54081 | Temple   | Became a worshipper of the Shining One
 54267 | Crypt:1  | Entered Level 1 of the Crypt
 54292 | Crypt:1  | Reached * piety under the Shining One
 54309 | Crypt:1  | Reached ** piety under the Shining One
 54359 | Crypt:1  | Reached *** piety under the Shining One
 54485 | Crypt:1  | Reached skill level 10 in Invocations
 54600 | Crypt:1  | Reached **** piety under the Shining One
 54771 | Crypt:1  | Noticed Saint Roka
 54784 | Crypt:1  | Killed Saint Roka
 54976 | Crypt:2  | Reached ***** piety under the Shining One
 55140 | Crypt:2  | Reached ****** piety under the Shining One
 55382 | Crypt:2  | Identified the +11 hunting sling of Causality {vorpal,
                  | Dex+9}
 55483 | Crypt:3  | Entered Level 3 of the Crypt
 55519 | Crypt:3  | Noticed Sojobo
 55530 | Crypt:3  | Killed Sojobo
 55625 | Crypt:3  | Found a staircase to the Tomb.
 55634 | Crypt:3  | Identified the +0 pair of gloves of Conscience {Will+ Str+4
                  | SInv}
 55778 | Crypt:3  | Reached skill level 15 in Invocations
 55788 | Crypt:3  | Noticed a dread lich
 55791 | Crypt:3  | Killed a dread lich
 55792 | Crypt:3  | Found a basalt altar of Yredelemnul.
 55974 | Crypt:3  | Identified the +2 pair of gloves of Yxajaekh {-Cast rN+
                  | Int+8}
 56626 | Vaults:4 | Identified a +5 broad axe of holy wrath (a +3 broad axe
                  | blessed by the Shining One)
 56626 | Vaults:4 | Received a gift from the Shining One
 57409 | Hell     | Entered the Vestibule of Hell
 57409 | Hell     | Noticed Geryon
 57442 | Hell     | Killed Geryon
 57490 | Hell     | Found a gateway to the ashen valley of Gehenna.
 57559 | Hell     | Found a gateway to the Iron City of Dis.
 57612 | Hell     | Found a gateway to the freezing wastes of Cocytus.
 57742 | Hell     | Found a gateway to the decaying netherworld of Tartarus.
 58317 | Pan      | Entered Pandemonium
 58325 | Pan      | Found an exit through the horrors of the Abyss.
 58852 | Pan      | Noticed Pasiwn the pandemonium lord
 58877 | Pan      | Killed Pasiwn the pandemonium lord
 59682 | Pan      | Noticed Xexupt the pandemonium lord
 59686 | Pan      | Cast into level 5 of the Abyss (Xexupt)
 59686 | Abyss:5  | Entered Level 5 of the Abyss
 59686 | Abyss:5  | Found a corrupted altar of Lugonu.
 59756 | Pan      | Escaped the Abyss
 59762 | Pan      | Killed Xexupt the pandemonium lord
 59854 | Depths:5 | Escaped Pandemonium
 59856 | Pan      | Entered Pandemonium
 60008 | Pan      | Noticed Xitt the pandemonium lord
 60015 | Pan      | Killed Xitt the pandemonium lord
 60028 | Pan      | Got a demonic rune of Zot
 60228 | Pan      | Found a runed translucent door.
 60233 | Pan      | Found a runed translucent door.
 60239 | Pan      | Found a runed translucent door.
 60239 | Pan      | Found a runed translucent door.
 60243 | Pan      | Noticed Hosyogate the pandemonium lord
 60286 | Pan      | Noticed Zonty the pandemonium lord
 60303 | Pan      | Killed Zonty the pandemonium lord
 60312 | Pan      | Found a runed translucent door.
 60317 | Pan      | Found a runed translucent door.
 60331 | Pan      | Found a runed translucent door.
 60332 | Pan      | Found a runed translucent door.
 60434 | Pan      | Identified the +7 long sword "Duri" {vorpal, *Noise rPois
                  | rF+}
 60979 | Pan      | Identified the +8 battleaxe of Kindness {vorpal, +Inv
                  | Int+4}
 61253 | Pan      | Entered the realm of Cerebov.
 61629 | Pan      | Found the +6 sword of Cerebov {flame}
 61629 | Pan      | Noticed Cerebov
 61652 | Pan      | Killed Cerebov
 61653 | Pan      | Reached skill level 27 in Dodging
 61760 | Pan      | Got a fiery rune of Zot
 61829 | Pan      | Identified the +6 hunting sling of Embarrassment {flame,
                  | *Corrode Int+5}
 61925 | Pan      | Identified the +11 arbalest "Rastuiq" {penet, rN+ Str+3}
 61945 | Pan      | Identified the +0 scale mail of Distant Shores {rElec Str+3
                  | Dex+3}
 61955 | Pan      | Identified the amulet "Vyejit" {RegenMP +Inv rElec Str+3}
 61983 | Pan      | Identified the +6 short sword "Malir" {elec, SInv}
 61985 | Pan      | Identified Sopecramn's Disquisition on Necromancy
 62069 | Pan      | Entered the realm of Mnoleg.
 62172 | Pan      | Gained mutation: Your magical capacity is low. (-10% MP) [a
                  | neqoxec]
 62236 | Pan      | Noticed Mnoleg
 62237 | Pan      | Gained mutation: You are dopey. (Int -2) [a cacodemon]
 62253 | Pan      | Killed Mnoleg
 62266 | Pan      | Got a glowing rune of Zot
 62276 | Pan      | Gained mutation: You do not regenerate when monsters are
                  | visible. [a neqoxec]
 62405 | Pan      | Found an exit through the horrors of the Abyss.
 62443 | Pan      | Noticed Wynos the pandemonium lord
 62456 | Pan      | Killed Wynos the pandemonium lord
 62468 | Pan      | Identified the +0 tower shield of Dairhewu {rPois Regen+
                  | Dex-2 SInv}
 62480 | Pan      | Found a runed translucent door.
 62609 | Pan      | Entered the realm of Gloorx Vloq.
 62611 | Pan      | Noticed Gloorx Vloq
 62621 | Pan      | Killed Gloorx Vloq
 62750 | Pan      | Got a dark rune of Zot
 62884 | Pan      | Lost mutation: Your magical capacity is low. (-10% MP)
                  | [potion of mutation]
 62884 | Pan      | Lost mutation: You have hoof-like feet. [potion of
                  | mutation]
 62884 | Pan      | Gained mutation: You are strong-willed. (Will+) [potion of
                  | mutation]
 62884 | Pan      | Gained mutation: You have supernaturally acute eyesight.
                  | (SInv) [potion of mutation]
 62885 | Pan      | Lost mutation: Your muscles are strong. (Str +2) [potion of
                  | mutation]
 62885 | Pan      | Lost mutation: You are dopey. (Int -2) [potion of mutation]
 62885 | Pan      | Lost mutation: You are strong-willed. (Will+) [potion of
                  | mutation]
 62885 | Pan      | Lost mutation: You are covered in fur. (AC +1) [potion of
                  | mutation]
 62885 | Pan      | Gained mutation: Your spells are a little easier to cast,
                  | but a little less powerful. [potion of mutation]
 62885 | Pan      | Lost mutation: You do not regenerate when monsters are
                  | visible. [potion of mutation]
 62885 | Pan      | Gained mutation: Your flesh is cold resistant. (rC+)
                  | [potion of mutation]
 62928 | Pan      | Entered the realm of Lom Lobon.
 63092 | Pan      | Was forgiven by Okawaru
 63435 | Pan      | Noticed Lom Lobon
 63468 | Pan      | Killed Lom Lobon
 63471 | Pan      | Got a magical rune of Zot
 63938 | Pan      | Identified the +0 pair of gloves of Puaxo {Will++ Int-3
                  | Dex+5}
 64555 | Pan      | Found a huge runed translucent gate.
 64560 | Pan      | Found a huge runed translucent gate.
 64625 | Pan      | Noticed Xuvet the pandemonium lord
 64631 | Pan      | Killed Xuvet the pandemonium lord
 64683 | Pan      | Identified the +2 halberd of Invincibility {venom, *Rage
                  | rN+ Str+3 Int+4}
 64752 | Pan      | Identified Agaitoarph's Papyrus of Ashen Black Arts
 64792 | Pan      | Gained mutation: Your body sometimes deteriorates upon
                  | taking damage. [a cacodemon]
 64987 | Pan      | Found an exit through the horrors of the Abyss.
 65005 | Pan      | Took an exit into the Abyss.
 65005 | Abyss:1  | Escaped into the Abyss
 65007 | Abyss:1  | Found a corrupted altar of Lugonu.
 65280 | Depths:5 | Escaped the Abyss
 65665 | Vaults:5 | Bought 2 scrolls of enchant armour for 225 gold pieces
 65669 | Vaults:5 | Acquired 990 gold pieces
 65692 | Vaults:5 | Bought a scroll of enchant armour for 127 gold pieces
 65692 | Vaults:5 | Bought a scroll of magic mapping for 59 gold pieces
 65772 | Vaults:3 | Bought a scroll of enchant armour for 240 gold pieces
 65931 | D:12     | Bought a scroll of enchant armour for 112 gold pieces
 66065 | Orc:2    | Bought a scroll of enchant armour for 112 gold pieces
 66065 | Orc:2    | Bought a scroll of enchant armour for 112 gold pieces
 66347 | Depths:4 | Bought a scroll of enchant armour for 142 gold pieces
 66414 | Geh:1    | Entered Level 1 of Gehenna
 67017 | Geh:4    | Learned a level 4 spell: Passage of Golubria
 67023 | Geh:4    | Learned a level 5 spell: Silence
 67026 | Geh:4    | Learned a level 2 spell: Passwall
 67035 | Geh:4    | Learned a level 8 spell: Ignition
 67080 | Geh:5    | Reached skill level 1 in Air Magic
 67092 | Geh:5    | Reached skill level 1 in Hexes
 67207 | Geh:6    | Reached skill level 27 in Invocations
 67264 | Geh:7    | Entered Level 7 of Gehenna
 67409 | Geh:7    | Reached skill level 1 in Transmutations
 67409 | Geh:7    | Reached skill level 1 in Earth Magic
 67567 | Geh:7    | Found the amulet of the Air {Inacc +Fly rElec EV+5 RMsl}
 67567 | Geh:7    | Found the +7 pair of quick blades "Gyre" and "Gimble"
                  | {protect}
 67581 | Geh:7    | Identified the Reference Book on Ghastly Lightness
 67701 | Geh:7    | Reached skill level 5 in Air Magic
 67761 | Geh:7    | Found the +7 sceptre of Asmodeus
 67761 | Geh:7    | Noticed Asmodeus
 67791 | Geh:7    | Killed Asmodeus
 67800 | Geh:7    | Got an obsidian rune of Zot
 68085 | Coc:1    | Entered Level 1 of Cocytus
 68379 | Coc:4    | Reached skill level 5 in Hexes
 68614 | Coc:5    | Reached skill level 5 in Transmutations
 68632 | Coc:5    | Reached skill level 5 in Earth Magic
 69104 | Coc:7    | Entered Level 7 of Cocytus
 69115 | Coc:7    | Reached skill level 10 in Translocations
 69297 | Coc:7    | Noticed Antaeus
 69325 | Coc:7    | Killed Antaeus
 69540 | Coc:7    | Reached skill level 10 in Air Magic
 69908 | Coc:7    | Reached skill level 10 in Hexes
 69910 | Coc:7    | Identified the +0 long sword of Dyhet {speed, rElec rN+
                  | MP+9 Int+2}
 69913 | Coc:7    | Identified the +7 shortbow of Certain Death {freeze, rF+
                  | rN+ Dex-4}
 69915 | Coc:7    | Identified the Papyrus of the Volcanoes
 69917 | Coc:7    | Identified the +9 great sword of the Everdark {chaos,
                  | *Noise +Inv rPois rC+}
 69921 | Coc:7    | Identified the +1 chain mail of the Dungeon {rF- Str-4
                  | Int+5 Stlth+}
 69930 | Coc:7    | Got an icy rune of Zot
 70121 | Tar:1    | Entered Level 1 of Tartarus
 70248 | Tar:2    | Reached skill level 5 in Spellcasting
 71172 | Tar:7    | Entered Level 7 of Tartarus
 71242 | Tar:7    | Reached skill level 10 in Spellcasting
 71550 | Tar:7    | Noticed Ereshkigal
 71579 | Tar:7    | Killed Ereshkigal
 71600 | Tar:7    | Got a bone rune of Zot
 71831 | Dis:1    | Entered Level 1 of the Iron City of Dis
 72587 | Dis:7    | Entered Level 7 of the Iron City of Dis
 72766 | Dis:7    | Reached skill level 1 in Fire Magic
 72855 | Dis:7    | Reached skill level 5 in Fire Magic
 73027 | Dis:7    | Found the +7 great mace "Undeadhunter" {disrupt, rN+}
 73046 | Dis:7    | Found the +4 staff of Dispater
 73046 | Dis:7    | Noticed Dispater
 73047 | Dis:7    | Identified the +12 plate armour of Efenius {rPois}
 73062 | Dis:7    | Killed Dispater
 73253 | Dis:7    | Got an iron rune of Zot
 73869 | Tomb:1   | Entered Level 1 of the Tomb of the Ancients
 74082 | Tomb:1   | Reached skill level 10 in Fire Magic
 74195 | Tomb:1   | Noticed a royal mummy
 74206 | Tomb:1   | Killed a royal mummy
 74370 | Tomb:1   | Noticed a royal mummy
 74379 | Tomb:1   | Killed a royal mummy
 74781 | Tomb:2   | Noticed Boris
 74782 | Tomb:2   | Noticed a royal mummy
 74784 | Tomb:2   | Noticed a royal mummy
 74785 | Tomb:2   | Noticed a royal mummy
 74788 | Tomb:2   | Noticed a royal mummy
 74793 | Tomb:2   | Killed Boris
 74794 | Tomb:2   | Killed a royal mummy
 74795 | Tomb:2   | Killed a royal mummy
 74797 | Tomb:2   | Killed a royal mummy
 74803 | Tomb:2   | Killed a royal mummy
 75190 | Tomb:1   | Noticed a royal mummy
 75190 | Tomb:1   | Noticed a royal mummy
 75192 | Tomb:1   | Noticed a royal mummy
 75193 | Tomb:1   | Noticed a royal mummy
 75194 | Tomb:1   | Noticed a royal mummy
 75194 | Tomb:1   | Noticed a royal mummy
 75196 | Tomb:1   | Noticed a royal mummy
 75200 | Tomb:1   | Noticed a royal mummy
 75201 | Tomb:1   | Killed a royal mummy
 75204 | Tomb:1   | Killed a royal mummy
 75210 | Tomb:1   | Killed a royal mummy
 75211 | Tomb:1   | Killed a royal mummy
 75211 | Tomb:1   | Killed a royal mummy
 75215 | Tomb:1   | Killed a royal mummy
 75223 | Tomb:1   | Noticed a royal mummy
 75225 | Tomb:1   | Killed a royal mummy
 75228 | Tomb:1   | Noticed a royal mummy
 75229 | Tomb:1   | Killed a royal mummy
 75230 | Tomb:1   | Killed a royal mummy
 75235 | Tomb:1   | Killed a royal mummy
 75506 | Tomb:1   | Noticed a royal mummy
 75506 | Tomb:1   | Noticed a royal mummy
 75507 | Tomb:1   | Noticed a royal mummy
 75507 | Tomb:1   | Noticed a royal mummy
 75507 | Tomb:1   | Noticed a royal mummy
 75507 | Tomb:1   | Noticed a royal mummy
 75512 | Tomb:1   | Noticed a royal mummy
 75519 | Tomb:1   | Killed a royal mummy
 75524 | Tomb:1   | Killed a royal mummy
 75525 | Tomb:1   | Killed a royal mummy
 75525 | Tomb:1   | Killed a royal mummy
 75526 | Tomb:1   | Reached skill level 15 in Fire Magic
 75527 | Tomb:1   | Killed a royal mummy
 75529 | Tomb:1   | Killed a royal mummy
 75532 | Tomb:1   | Killed a royal mummy
 75979 | Tomb:3   | Entered Level 3 of the Tomb of the Ancients
 75979 | Tomb:3   | Noticed Boris
 75990 | Tomb:3   | Identified the -8 tower shield of Too Many Cooks {rC+ Str+6
                  | Int+4}
 76002 | Tomb:3   | Killed Boris
 76027 | Tomb:3   | Noticed a royal mummy
 76039 | Tomb:3   | Noticed a royal mummy
 76040 | Tomb:3   | Noticed a royal mummy
 76042 | Tomb:3   | Noticed Jory
 76043 | Tomb:3   | Noticed a royal mummy
 76047 | Tomb:3   | Found the +3 hat of Pondering {ponderous, Will+ MP+10
                  | Int+5}
 76047 | Tomb:3   | Found the macabre finger necklace {rN+}
 76055 | Tomb:3   | Killed Jory
 76077 | Tomb:3   | Killed a royal mummy
 76082 | Tomb:3   | Killed a royal mummy
 76083 | Tomb:3   | HP: 1/273 [ushabti] (13)]
 76091 | Tomb:3   | Found the +7 Singing Sword {vorpal, sonic wave}
 76093 | Tomb:3   | HP: 13/273 [??? (6)]
 76339 | Tomb:3   | Killed a royal mummy
 76365 | Tomb:3   | Killed a royal mummy
 76401 | Tomb:3   | Noticed a royal mummy
 76404 | Tomb:3   | Killed a royal mummy
 76408 | Tomb:3   | Noticed a royal mummy
 76410 | Tomb:3   | Noticed a royal mummy
 76413 | Tomb:3   | Killed a royal mummy
 76418 | Tomb:3   | Killed a royal mummy
 76421 | Tomb:3   | Noticed a royal mummy
 76425 | Tomb:3   | Killed a royal mummy
 76603 | Tomb:3   | Identified the ring "Douzxom" {Ice rPois}
 76626 | Tomb:3   | Identified Kuaj Any's Almanac of the Mountains and
                  | Lightness
 76628 | Tomb:3   | Identified the ring of Lidikej {Will+ Int+3}
 76936 | Tomb:3   | Got a golden rune of Zot
 77490 | Zot:1    | Entered Level 1 of the Realm of Zot
 77654 | Zot:1    | You fall into a shaft and drop 1 floor!
 78671 | Zot:2    | Acquired the Handbook of Attacks and the Traveller
 79001 | Zot:2    | Identified the Guide on Burning Arcane Weapons
 79080 | Zot:2    | Identified the ring of Ugru {rC+ rCorr Int+6 Stlth+}
 81659 | Zot:5    | Entered Level 5 of the Realm of Zot
 82180 | Zot:5    | Noticed an orb of fire
 82184 | Zot:5    | Noticed an ancient lich
 82186 | Zot:5    | Gained mutation: You tend to lose your temper in combat.
                  | [an orb of fire]
 82190 | Zot:5    | Gained mutation: Your magical capacity is low. (-10% MP)
                  | [an orb of fire]
 82191 | Zot:5    | Lost mutation: You have supernaturally acute eyesight.
                  | (SInv) [an orb of fire]
 82193 | Zot:5    | Killed an orb of fire
 82194 | Zot:5    | Noticed a dread lich
 82201 | Zot:5    | Killed an ancient lich
 82204 | Zot:5    | Noticed an orb of fire
 82210 | Zot:5    | Noticed a dread lich
 82212 | Zot:5    | Noticed an orb of fire
 82215 | Zot:5    | Killed a dread lich
 82215 | Zot:5    | Noticed an ancient lich
 82220 | Zot:5    | Noticed a dread lich
 82224 | Zot:5    | Noticed a dread lich
 82232 | Zot:5    | Killed an ancient lich
 82233 | Zot:5    | Reached skill level 15 in Spellcasting
 82315 | Zot:5    | Killed a dread lich
 82320 | Zot:5    | Killed an orb of fire
 82370 | Zot:5    | Identified the +5 flail of Integrity {pain, rC+ rN+}
 82384 | Zot:5    | Killed a dread lich
 82620 | Zot:5    | Killed an orb of fire
 82631 | Zot:5    | Killed a dread lich
 82639 | Zot:5    | Lost mutation: You tend to lose your temper in combat.
                  | [potion of mutation]
 82639 | Zot:5    | Lost mutation: Your flesh is cold resistant. (rC+) [potion
                  | of mutation]
 82639 | Zot:5    | Gained mutation: You are somewhat resistant to further
                  | mutation. [potion of mutation]
 82869 | Zot:5    | Got the Orb of Zot
 82898 | Zot:5    | Noticed Xaeryo the pandemonium lord
 82915 | Zot:5    | Killed Xaeryo the pandemonium lord
 83598 | D:$      | Escaped with the Orb!

Illustrated notes

Levels and vault maps discovered:
D:1:      lightli_arrival_statuegarden, layout_basic
D:2:      layout_basic, uniq_terence
D:3:      layout_loops_corners, chequers_ecumenical_altar_simple
D:4:      layout_gridville, general_overflow_altar, uniq_edmund
D:5:      layout_loops_ring, nicolae_overflow_crystal_walls,
          gammafunk_temple_overflow_claw, gammafunk_ghost_nasty_kobolds,
          uniq_blork_the_orc, uniq_sigmund
D:6:      layout_loops_ring, grunt_temple_overflow_gold_and_silver,
          minmay_temple_entry_stoned_glass, cheibrodos_sewer_entry_bend,
          uniq_eustachio, uniq_maggie
D:7:      layout_cave_pools, grunt_dithmenos_shadows,
          grunt_temple_overflow_open, basic_altar, minmay_holes,
          kennysheep_opposing_triangles, uniq_prince_ribbit1
D:8:      layout_loops_ring, pdpol_wu_jian_five_deadly_venoms,
          dpeg_oklobed_lair, serial_shops, kennysheep_mini_moat,
          minmay_manual_monolith
D:9:      minmay_the_grid_triangle_9x9_recursive_2_mashed
          [minmay_the_grid_triangle_9x9_prize_top_heavy,
          minmay_the_grid_triangle_9x9_impossible_snake,
          minmay_the_grid_triangle_9x9_sparse_checkered,
          minmay_the_grid_triangle_9x9_tough_junction], layout_irregular_city,
          marbit_many_paths
D:10:     layout_loops_corners, orc_0_dummy, kennysheep_generic_room_11,
          uniq_josephine, uniq_erica
D:11:     layout_loops_ring, serial_shops,
          nicolae_shop_temple_entry_statues_fountains, serial_ice, serial_ice_j,
          serial_ice_g, serial_ice_b, serial_ice_c, portal_ice_cave_entry_imps,
          gauntlet_entry_generic, uniq_erolcha
D:12:     layout_small_grid, serial_shops, shop, shop, nicolae_shop_stone, shop
D:13:     layout_loops_ring, ximxim_vaults_locker_room, enter_bailey_2,
          hangedman_tell_no_tales, uniq_azrael
D:14:     layout_stronghold, serial_shops, shop_coins, minmay_puff, uniq_nessos,
          uniq_frances
D:15:     gammafunk_depths_entry_grave, layout_basic, minmay_misc_feat_hallway,
          serial_shops, shop_statue, minmay_misc_feat_rows, minmay_statues_item,
          kennysheep_inner_square
Temple:   cyrus_temple_forest
Lair:1:   layout_cave_pods, mumra_transporter_accident,
          chequers_serial_rivers_large_a, serial_bayou_shore_a, uniq_urug
Lair:2:   layout_gridlike
Lair:3:   layout_regular_city, pf_torpor_hydra, uniq_rupert
Lair:4:   layout_loops_ring, elwin_shoals_entry_rocks,
          nicolae_spider_entry_non_spiders, grunt_megastairs_5
Lair:5:   layout_roguey, dpeg_slime_entry_enclosed_altar, basic_altar,
          infiniplex_staircase_pool
Lair:6:   evil_forest, layout_gridlike, chequers_serial_rivers_small_a,
          st_stairs_4, lemuel_oklob_altar, lemuel_fruit_tree
Shoals:1: layout_shoals, serial_shops, nicolae_shop_behind_doors
Shoals:2: layout_shoals, gammafunk_ghost_necromancy
Shoals:3: layout_shoals, regret_index_shoals_crete, uniq_louise, uniq_ilsuiw
Shoals:4: shoals_end_grunt_ice, layout_shoals, uniq_bai_suzhen, uniq_kirke
Spider:1: layout_spider_delve
Spider:2: layout_chambers, guppyfry_spider_mini_2, uniq_arachne, uniq_jorgrun
Spider:3: layout_spider_delve, ebering_ghost_reflecting_pool,
          spiders_nest_spider_trap
Spider:4: spider_rune_water, uniq_aizul
Slime:1:  layout_caves, nicolae_slime_phagocytosis
Slime:2:  layout_caves
Slime:3:  layout_caves, nicolae_slime_welcoming_committee, uniq_dissolution
Slime:4:  layout_caves, basic_altar
Slime:5
Orc:1:    layout_caves, mines1_david
Orc:2:    st_orc_rangers, layout_caves, gammafunk_ghost_wrathful_warriors,
          serial_shops, shop, minmay_orc_temple_a
Vaults:1: v_misc_14, hangedman_vaults_restitches, v_misc_14,
          nicolae_vaults_specimen_jars, nicolae_vaults_angled_halls,
          nicolae_vaults_little_squares_3, nicolae_vaults_big_ls, v_pattern_1,
          ontoclasm_vaults_bender, vaults_dpeg_ring,
          nicolae_vaults_sealed_display, nicolae_vaults_alarming,
          layout_vaults_big_room
Vaults:2: v_misc_9, nicolae_vaults_shelves_hall, minmay_crypt_entry_simple_box,
          hangedman_vaults_river_flow, st_spiral_rooms,
          nicolae_vaults_stairing_the_circle, v_misc_4, v_rooms_5, v_misc_16,
          vaults_room_octagon, v_rooms_2, ontoclasm_vaults_hangar,
          ontoclasm_vaults_twist, vaults_room_door_ring, vaults_room_hallway,
          layout_vaults_omnicross
Vaults:3: hangedman_vaults_nails, v_misc_11, nicolae_vaults_diagonal_hallway_7,
          nicolae_vaults_network_square, ontoclasm_vaults_shuriken, v_misc_2,
          nicolae_vaults_little_squares_2, hangedman_vaults_locks, v_misc_30,
          layout_vaults_omnigrid, basic_altar, serial_shops,
          nicolae_shop_waterfront, shop
Vaults:4: gammafunk_vaults_ghost_necromancy, v_misc_24, v_alt_pattern_4,
          nicolae_vaults_diagonal_hallway_7, nicolae_vaults_circle_grid_a,
          st_octagons_2, hangedman_vaults_trim,
          nicolae_vaults_diagonal_hallway_6, ontoclasm_vaults_fault,
          ontoclasm_vaults_spin, nicolae_vaults_little_squares_6,
          nicolae_vaults_little_ls, vaults_room_fours, hangedman_vaults_cutoff,
          layout_vaults_maze_snakey
Vaults:5
Crypt:1:  layout_chaotic_city, grunt_crypt_arrival_guarded_gate, uniq_saint_roka
Crypt:2:  layout_rooms
Crypt:3:  cryptofortress_bobbens, uniq_sojobo
Tomb:1
Tomb:2:   uniq_boris
Tomb:3:   uniq_jory
Depths:1: layout_honeycomb, enter_ziggurat_f, lightli_too_deep,
          evilmike_ruin_ashenzari, serial_shops, kennysheep_mini,
          minmay_evil_grid
Depths:2: lemuel_troll_bridge, layout_basic, marbit_kobold_abyss_entry,
          pf_coc_iceberg, gammafunk_ghost_ooze,
          infiniplex_staircase_split_hallway
Depths:3: due_chaos_kobolds, layout_gridlike, pf_vacation_house_of_asmodeus,
          rand_demon_pan_entry_9, minmay_crystal_water,
          infiniplex_staircase_9_rooms
Depths:4: minmay_nested_s, layout_basic, hell_entry, abyss_entry,
          minmay_shoptagon
Depths:5: grunt_crosshair, layout_cave_pools, rand_demon_pan_entry_5,
          hell_entry, minmay_misc_feat_nine_boxes, grunt_decor_junction,
          minmay_misc_feat_enclosed, drop_trap, serial_sigils_hangedman_gnaw,
          tgw_lugonu_bribe, serial_bayou_shore_b, uniq_frederick
Hell
Dis:1:    layout_regular_city
Dis:2:    layout_regular_city, nicolae_dis_lava_storage_tank,
          nicolae_dis_strange_trophy_room
Dis:3:    layout_gridville
Dis:4:    layout_regular_city
Dis:5:    layout_gridville
Dis:6:    layout_overlapping_boxes
Dis:7:    iron_city_of_dis [dis_grunt, dis_wall_6], layout_chaotic_city
Geh:1:    layout_gehenna_pools_box
Geh:2:    layout_gehenna_lava_caves
Geh:3:    layout_gehenna_lava_caves
Geh:4:    layout_gehenna_pools_box, nicolae_geh_amphitheater
Geh:5:    layout_gehenna_lava_caves, gehenna_fire_generator
Geh:6:    layout_gehenna_pools_triple
Geh:7:    geh_old
Coc:1:    layout_cocytus_water_paths
Coc:2:    layout_cocytus_water_paths
Coc:3:    layout_cocytus_water_paths
Coc:4:    layout_cocytus_water_paths
Coc:5:    layout_ice_bergs, lemuel_elevator
Coc:6:    layout_ice_bergs
Coc:7:    coc_grunt
Tar:1:    layout_cathedral_of_symmetry
Tar:2:    layout_grid_maze, grunt_megastairs_4
Tar:3:    layout_grid_maze, nicolae_tar_cuneiform_not
Tar:4:    layout_grid_maze
Tar:5:    layout_honeycomb, nicolae_tar_cuneiform_to_be
Tar:6:    layout_grid_maze, lemuel_nasty_pond
Tar:7:    tar_mu [tar_mu_maze]
Zot:1:    layout_twisted_circle, grunt_ministairs_3
Zot:2:    lemuel_firehouse, layout_cathedral_of_symmetry, zot_minivault_4
Zot:3:    kennysheep_six_static_rooms, layout_gridlike, st_stairs_1
Zot:4:    lemuel_draconian_sentries, layout_gridlike
Zot:5:    layout_onion

Skill      XL: |  1  2  3  4  5  6  7  8  9 10 11 12 13 14 15 16 17 18 19 20 21 22 23 24 25 26 27 |
---------------+----------------------------------------------------------------------------------+-----
Axes           | 3 4 5 6 7 9 10 12 13 15 16 18 | 18.0
Fighting       | 4 5 6 7 8 9 10 11 12 14 16 18 20 22 23 24 26 27 | 27.0
Armour         | 4 5 6 7 8 9 10 11 12 14 16 18 20 21 22 23 25 27 | 27.0
Shields        | 4 5 6 7 8 9 10 11 12 14 15 | 15.0
Invocations    | 1 2 4 5 7 8 27 | 27.0
Dodging        | 1 6 11 14 16 18 19 21 27 | 27.0
Evocations     | 1 5 8 10 11 12 14 | 14.0
Translocations | 3 5 8 10 | 10.0
Spellcasting   | 2 4 15 | 15.6
Air Magic      | 11 | 11.0
Hexes          | 11 | 11.0
Transmutations | 5 |  5.0
Earth Magic    | 5 |  5.0
Fire Magic     | 22 | 22.5

Action                   |  1- 3 |  4- 6 |  7- 9 | 10-12 | 13-15 | 16-18 | 19-21 | 22-24 | 25-27 || total
-------------------------+-------+-------+-------+-------+-------+-------+-------+-------+-------++-------
Melee: War axe           |    77 |   132 |   306 |   152 |       |       |       |       |       ||   667
       Headbutt          |     6 |    20 |    50 |   145 |   306 |   323 |   318 |   226 |  1747 ||  3141
       Whip              |       |       |       |    18 |    45 |       |       |       |       ||    63
       Broad axe         |       |       |       |   354 |   875 |  1319 |  1035 |   679 |  5590 ||  9852
Throw: Throwing net      |       |       |       |       |       |       |       |       |     1 ||     1
 Cast: Blink             |       |       |       |       |       |       |       |       |     5 ||     5
       Ignition          |       |       |       |       |       |       |       |       |     1 ||     1
Invok: Heroism           |       |       |     2 |    16 |     8 |    15 |     6 |    12 |     4 ||    63
       Finesse           |       |       |       |     6 |     6 |    11 |     2 |     8 |     3 ||    36
       Cleansing Flame   |       |       |       |       |       |       |       |       |   122 ||   122
       Summon Divine War |       |       |       |       |       |       |       |       |    60 ||    60
       Divine Shield     |       |       |       |       |       |       |       |       |    21 ||    21
       Brand Weapon With |       |       |       |       |       |       |       |       |     1 ||     1
Evoke: Wand              |       |       |     1 |     2 |     1 |     9 |     3 |       |    15 ||    31
       Phantom mirror    |       |       |       |       |       |       |       |       |     1 ||     1
  Use: Scroll            |       |     8 |     8 |     9 |     8 |     5 |     1 |     2 |    45 ||    86
       Potion            |       |       |     2 |     4 |     1 |     3 |       |     7 |    26 ||    43
 Stab: Distracted        |       |       |       |       |       |       |       |       |     4 ||     4
Armor: Scale mail        |    35 |    35 |       |       |       |       |       |       |       ||    70
       Plate armour      |       |    24 |   145 |   190 |   290 |   494 |   220 |   186 |   535 ||  2084
       Gold dragon scale |       |       |       |       |       |       |       |       |   792 ||   792
Dodge: Dodged            |    30 |    37 |    50 |   161 |   209 |   290 |   284 |   293 |  2633 ||  3987
Block: Kite shield       |    60 |    93 |   178 |   279 |   581 |   946 |   623 |   483 |  3745 ||  6988

Table legend: (Time is in decaauts)
 A = Elapsed time spent in this place.
 B = Non-inter-level travel time spent in this place.
 C = Inter-level travel time spent in this place.
 D = Time resting spent in this place.
 E = Time spent auto-exploring this place.
 F = Levels seen in this place.
 G = Mean time per level.
                   A        B        C        D        E       F      G
               +--------+--------+--------+--------+--------+-----+--------+
         Total |  81490 |  70259 |  11231 |   4555 |  46603 | 134 |  608.1 |
       Dungeon |  19612 |  15976 |   3636 |   1474 |  11517 |  15 | 1307.5 |
        Temple |    130 |     46 |     84 |      0 |     43 |   1 |  130.0 |
          Lair |   6606 |   5253 |   1353 |    130 |   4209 |   6 | 1101.0 |
        Shoals |   3770 |   3463 |    307 |    293 |   2355 |   4 |  942.5 |
   Spider Nest |   4243 |   3963 |    280 |      0 |   3163 |   4 | 1060.8 |
    Slime Pits |   1475 |   1114 |    361 |    283 |    529 |   5 |  295.0 |
  Orcish Mines |   1482 |   1292 |    190 |      0 |    898 |   2 |  741.0 |
        Vaults |   8123 |   6670 |   1453 |     46 |   4772 |   5 | 1624.6 |
         Crypt |   2361 |   1954 |    407 |     15 |   1359 |   3 |  787.0 |
          Tomb |   3189 |   2872 |    317 |    842 |   1223 |   3 | 1063.0 |
        Depths |   7205 |   5870 |   1335 |    246 |   4347 |   5 | 1441.0 |
          Hell |    574 |    372 |    202 |      0 |    230 |   1 |  574.0 |
           Dis |   1503 |   1348 |    155 |    124 |    451 |   7 |  214.7 |
       Gehenna |   1454 |   1219 |    235 |      0 |    240 |   7 |  207.7 |
       Cocytus |   2000 |   1847 |    153 |      0 |    648 |   7 |  285.7 |
      Tartarus |   1568 |   1258 |    310 |     12 |    722 |   7 |  224.0 |
           Zot |   5460 |   5012 |    448 |    414 |   3558 |   5 | 1092.0 |
         Abyss |   1606 |   1606 |      0 |    137 |    814 |   6 |  267.7 |
   Pandemonium |   6314 |   6314 |      0 |    299 |   3813 |  25 |  252.6 |
      Ziggurat |   1259 |   1259 |      0 |    213 |    665 |  13 |   96.8 |
         Sewer |    367 |    367 |      0 |      0 |    311 |   1 |  367.0 |
        Bailey |    349 |    349 |      0 |      0 |    208 |   1 |  349.0 |
      Gauntlet |    831 |    831 |      0 |     25 |    523 |   1 |  831.0 |
               +--------+--------+--------+--------+--------+-----+--------+

Top non-repeatable levels by time:
Depths:4: 2282 daAuts
     D:8: 1910 daAuts
    D:10: 1806 daAuts
    D:15: 1770 daAuts
Vaults:2: 1748 daAuts
Vaults:4: 1697 daAuts
     D:9: 1686 daAuts
Vaults:3: 1646 daAuts
Vaults:5: 1586 daAuts
  Tomb:1: 1533 daAuts
  Lair:1: 1518 daAuts
Depths:1: 1472 daAuts
Vaults:1: 1443 daAuts
     D:5: 1437 daAuts
Depths:3: 1399 daAuts
